 Dungeon Crawl Stone Soup version 0.32-a0-470-g255bbe2f98 (webtiles) character file.

Game seed: 16525599224075491498

1218911 Bnni the Bringer of Blasphemy (level 27, -18/245 HPs)
             Began as a Formicid Fighter on Feb 19, 2024.
             Was the Champion of Yredelemnul.
             Killed by psychic fangs
             ... invoked by a glowing orange brain
             ... spawned from a protean progenitor
              (21 damage)
             ... in Pandemonium on Feb 25, 2024.
             The game lasted 06:09:21 (64374 turns).

Bnni the Bringer of Blasphemy (Formicid Fighter)   Turns: 64374, Time: 06:09:21

Health: -18/245    AC: 45    Str: 31    XL:     27
Magic:  0/36       EV: 39    Int:  8    God:    Yredelemnul [******]
Gold:   12928      SH: 41    Dex: 29    Spells: 20/26 levels left

rFire   + . .        N - +9 bardiche (freeze)
rCold   + . .        v - +8 tower shield
rNeg    + + +        t - +15 Maxwell's patent armour {-Cast -Tele rElec Will+ rCorr}
rPois   ∞            (helmet unavailable)
rElec   +            m - scarf {repulsion}
rCorr   +            a - +2 pair of gloves "Ducippor" {^Contam Str+2 Dex+3}
SInv    +            M - +2 pair of boots {Fly}
Will    ++++.        G - amulet "Vidalatu" {Reflect Dex+4 SH+5} Stlth
                     R - ring of Etritud {rF+ EV+5 Int-2 Dex+2}
HPRegen 0.60/turn    p - ring "Yperah" {rPois rCorr EV+5 Dex+3}
MPRegen 0.25/turn

%: no spellcasting, repel missiles, reflection
@: death-form, fragile (+50% incoming damage), flying, wreathed by umbra,
studying 3 skills
A: vile attack, torment immunity, no potions, permanent stasis, dig shafts and
tunnels, antennae 3, four strong arms, low MP 1
}: 13/15 runes: decaying, slimy, silver, iron, obsidian, icy, bone, abyssal,
demonic, magical, fiery, dark, gossamer
a: Dig, Siphon Essence, Begin Untransformation, Renounce Religion, Light the
Black Torch, Recall Undead Harvest, Hurl Torchlight, Bind Soul, Fathomless
Shackles


You were in Pandemonium.
You worshipped Yredelemnul.
Yredelemnul was exalted by your worship.
You were an undying horror.
You visited 16 branches of the dungeon, and saw 80 of its levels.
You visited Pandemonium 1 time, and saw 13 of its levels.
You visited the Abyss 1 time.
You visited 1 bazaar.
You also visited: Bailey, Gauntlet, Ice Cave, Wizlab and Desolation.

You collected 18003 gold pieces.
You spent 5075 gold pieces at shops.

Inventory:

Hand Weapons
 N - a +9 bardiche of freezing (weapon)
 V - a +7 heavy bardiche
Missiles
 b - 45 boomerangs (quivered)
 c - 6 javelins
 f - 16 curare-tipped darts
 O - 14 silver javelins
Armour
 a - the +2 pair of gloves "Ducippor" (worn) {^Contam Str+2 Dex+3}
   (You acquired it on level 5 of the Dungeon)

   Str+2:     It affects your strength (+2).
   Dex+3:     It affects your dexterity (+3).
   ^Contam:   It causes magical contamination when unequipped.
 m - a scarf of repulsion (worn)
 t - the +15 Maxwell's patent armour (worn) {-Cast -Tele rElec Will+ rCorr}
   (You bought it in a shop on level 1 of the Dungeon)

   rElec:     It insulates you from electricity.
   Will+:     It increases your willpower.
   -Cast:     It prevents spellcasting.
   -Tele:     It prevents most forms of teleportation.
   rCorr:     It protects you from acid and corrosion.
 v - a +8 tower shield (worn)
 D - the orb of Dispater {+Damnation *Corrode AC+5}
   (You found it in Pandemonium)

   +Damnation: It grants the ability to hurl damnation at the cost of health and
   magic, with strength depending on Evocations skill.
   AC+5:      It affects your AC (+5).
   *Corrode:  It may corrode you when you take damage.
 M - a +2 pair of boots of flying (worn)
Jewellery
 p - the ring "Yperah" (right hand) {rPois rCorr EV+5 Dex+3}
   (You found it in the Desolation of Salt)

   [ring of evasion]

   EV+5:      It affects your evasion (+5).
   Dex+3:     It affects your dexterity (+3).
   rPois:     It protects you from poison rCorr: It protects you from acid and
   corrosion.
 q - an amulet of regeneration
 y - the ring "Guuxt" {rF+ rCorr Str+6 Dex-2}
   (You found it in Pandemonium)

   [ring of strength]

   Str+6:     It affects your strength (+6).
   Dex-2:     It affects your dexterity (-2).
   rF+:       It protects you from fire.
   rCorr:     It protects you from acid and corrosion.
 z - the ring "Ruutin" {rC++ AC+4 Str+2 Int-4 Stlth+}
   (You bought it in a shop on level 2 of the Elven Halls)

   [ring of protection]

   AC+4:      It affects your AC (+4).
   Str+2:     It affects your strength (+2).
   Int-4:     It affects your intelligence (-4).
   rC++:      It greatly protects you from cold.
   Stlth+:    It makes you more stealthy.
 F - the ring of Melee {Wiz rC+++ rCorr Str-3 Dex-3}
   (You found it in Pandemonium)

   [ring of wizardry]

   Wiz:       It improves your spell success rate.
   Str-3:     It affects your strength (-3).
   Dex-3:     It affects your dexterity (-3).
   rC+++:     It renders you almost immune to cold.
   rCorr:     It protects you from acid and corrosion.
 G - the amulet "Vidalatu" (around neck) {Reflect Dex+4 SH+5}
   (You took it off a demonspawn corrupter in Pandemonium)

   [amulet of reflection]

   Reflect:   It reflects blocked missile attacks.
   Dex+4:     It affects your dexterity (+4).
   SH+5:      It affects your SH (+5).
 R - the ring of Etritud (left hand) {rF+ EV+5 Int-2 Dex+2}
   (You found it in a wizard's laboratory)

   [ring of evasion]

   EV+5:      It affects your evasion (+5).
   Int-2:     It affects your intelligence (-2).
   Dex+2:     It affects your dexterity (+2).
   rF+:       It protects you from fire.
 S - the ring "Axaaskas" {rF+ Int+6 Dex+4}
   (You found it on level 2 of the Depths)

   [ring of intelligence]

   Int+6:     It affects your intelligence (+6).
   Dex+4:     It affects your dexterity (+4).
   rF+:       It protects you from fire.
Talismans
 j - a talisman of death (active)
Wands
 B - a wand of roots (75)
 C - a wand of acid (54)
 K - a wand of flame (179)
 T - a wand of digging (5)
Scrolls
 n - 4 scrolls of enchant armour
 s - 12 scrolls of poison
 w - 9 scrolls of fog
 A - 9 scrolls of fear
 I - 3 scrolls of butterflies
 L - 6 scrolls of immolation
 X - 3 scrolls of silence
Potions
 d - 12 potions of might
 e - 4 potions of magic
 h - 8 potions of mutation
 l - 6 potions of ambrosia
 o - 11 potions of attraction
 u - 3 potions of invisibility
 x - 4 potions of cancellation
 E - 7 potions of heal wounds
 J - 6 potions of resistance
 P - 26 potions of curing
 Z - 4 potions of enlightenment
Miscellaneous
 i - a phial of floods
 r - a phantom mirror
 Q - a lightning rod (4/4)


   Skills:
 - Level 26.0 Fighting
 - Level 24.0 Polearms
 - Level 20.0 Throwing
 - Level 26.0 Armour
 + Level 22.6 Dodging
 - Level 26.0 Shields
 O Level 27 Invocations
 - Level 23.0 Shapeshifting


You had 20 spell levels left.
You knew the following spells:

 Your Spells              Type           Power      Damage    Failure   Level
a - Lesser Beckoning      Tloc           0%         N/A       89%         2
b - Passwall              Erth           0%         N/A       98%         3
z - Apportation           Tloc           0%         N/A       78%         1

Your spell library contained the following spells:

 Spells                   Type           Power      Damage    Failure   Level
 Foxfire                  Conj/Fire      0%         2x1d4     78%         1
 Kiss of Death            Conj/Necr      0%         2d5       78%         1
 Magic Dart               Conj           0%         1d3       78%         1
 Necrotise                Necr           0%         1d4       78%         1
 Sandblast                Erth           0%         2d4       78%         1
 Shock                    Conj/Air       0%         1d3       78%         1
 Sting                    Conj/Alch      0%         1d3       78%         1
 Summon Small Mammal      Summ           0%         N/A       78%         1
 Call Imp                 Summ           0%         N/A       89%         2
 Ensorcelled Hibernation  Hex/Ice        0%         N/A       89%         2
 Jinxbite                 Hex            0%         N/A       89%         2
 Mercury Vapours          Alch/Air       0%         N/A       89%         2
 Momentum Strike          Conj/Tloc      0%         3d8       89%         2
 Scorch                   Fire           0%         2d5       89%         2
 Searing Ray              Conj           0%         2d4       89%         2
 Static Discharge         Conj/Air       0%         3-3/arc   89%         2
 Call Canine Familiar     Summ           0%         N/A       98%         3
 Confusing Touch          Hex            0%         N/A       98%         3
 Dazzling Flash           Conj/Hex       0%         N/A       98%         3
 Frozen Ramparts          Ice            0%         1d1       98%         3
 Gell's Gravitas          Tloc           0%         N/A       98%         3
 Hailstorm                Conj/Ice       0%         3d5       98%         3
 Inner Flame              Hex/Fire       0%         N/A       98%         3
 Mephitic Cloud           Conj/Alch/Air  0%         N/A       98%         3
 Ozocubu's Armour         Ice            0%         N/A       98%         3
 Sigil of Binding         Hex            0%         N/A       98%         3
 Stone Arrow              Conj/Erth      0%         3d7       98%         3
 Summon Ice Beast         Ice/Summ       0%         N/A       98%         3
 Teleport Other           Tloc           0%         N/A       98%         3
 Vampiric Draining        Necr           0%         2d6       98%         3
 Volatile Blastmotes      Fire/Tloc      0%         2d10      98%         3
 Airstrike                Air            0%         2d(0-16)  100%        4
 Anguish                  Hex/Necr       0%         N/A       100%        4
 Brom's Barrelling Bould  Conj/Erth      0%         2d3       100%        4
 Cause Fear               Hex            0%         N/A       100%        4
 Dimensional Bullseye     Hex/Tloc       0%         N/A       100%        4
 Dispel Undead            Necr           0%         3d6       100%        4
 Flame Wave               Conj/Fire      0%         2d4       100%        4
 Fulminant Prism          Conj/Alch      0%         3d5       100%        4
 Ignite Poison            Fire/Alch      0%         N/A       100%        4
 Leda's Liquefaction      Alch/Erth      0%         N/A       100%        4
 Martyr's Knell           Necr/Summ      0%         N/A       100%        4
 Olgreb's Toxic Radiance  Alch           0%         N/A       100%        4
 Petrify                  Alch/Erth      0%         N/A       100%        4
 Sticky Flame             Fire/Alch      0%         2d4       100%        4
 Summon Blazeheart Golem  Fire/Summ      0%         N/A       100%        4
 Summon Lightning Spire   Summ/Air       0%         N/A       100%        4
 Alistair's Intoxication  Alch           0%         N/A       100%        5
 Arcjolt                  Conj/Air       0%         1d10      100%        5
 Borgnjor's Vile Clutch   Necr/Erth      0%         N/A       100%        5
 Curse of Agony           Necr           0%         N/A       100%        5
 Fireball                 Conj/Fire      0%         3d3       100%        5
 Freezing Cloud           Conj/Ice/Air   0%         6-21      100%        5
 Irradiate                Conj/Alch      0%         3d11      100%        5
 Metabolic Englaciation   Hex/Ice        0%         N/A       100%        5
 Summon Forest            Summ/Tloc      0%         N/A       100%        5
 Summon Mana Viper        Hex/Summ       0%         N/A       100%        5
 Yara's Violent Unravell  Hex/Alch       0%         3d3       100%        5
 Conjure Ball Lightning   Conj/Air       0%         3x3d6     100%        6
 Dispersal                Tloc           0%         N/A       100%        6
 Eringya's Noxious Bog    Alch           0%         4d6       100%        6
 Plasma Beam              Fire/Air       0%         2x1d10    100%        6
 Sculpt Simulacrum        Ice/Alch       0%         N/A       100%        6
 Starburst                Conj/Fire      0%         6d3       100%        6
 Enfeeble                 Hex            0%         N/A       100%        7
 Haunt                    Necr/Summ      0%         N/A       100%        7
 Malign Gateway           Summ/Tloc      0%         N/A       100%        7
 Monstrous Menagerie      Summ           0%         N/A       100%        7
 Orb of Destruction       Conj           0%         9d5       100%        7
 Ozocubu's Refrigeration  Ice            0%         4d7       100%        7
 Spellforged Servitor     Conj/Summ      0%         N/A       100%        7
 Discord                  Hex            0%         N/A       100%        8
 Disjunction              Tloc           0%         N/A       100%        8
 Ignition                 Fire           0%         3d3       100%        8
 Infestation              Necr           0%         N/A       100%        8
 Maxwell's Capacitive Co  Air            0%         ∞         100%        8
 Summon Horrible Things   Summ           0%         N/A       100%        8
 Death's Door             Necr           0%         N/A       100%        9
 Dragon's Call            Summ           0%         N/A       100%        9
 Blink                    Tloc           Unusable   N/A       N/A         2
 Swiftness                Air            Unusable   N/A       N/A         3
 Animate Dead             Necr           Unusable   N/A       N/A         4
 Vhi's Electric Charge    Tloc/Air       Unusable   N/A       N/A         4
 Death Channel            Necr           Unusable   N/A       N/A         6

Dungeon Overview and Level Annotations

Branches:
Dungeon (15/15)            Temple (1/1) D:5            Lair (5/5) D:8
  Swamp (4/4) Lair:2       Spider (4/4) Lair:3        Slime (5/5) Lair:4
    Orc (2/2) D:12            Elf (3/3) Orc:2        Vaults (5/5) D:13
  Crypt (3/3) Vaults:3       Tomb (0/3) Crypt:3      Depths (4/4) D:15
   Hell (visited)             Dis (7/7) Hell            Geh (7/7) Hell
    Coc (7/7) Hell            Tar (7/7) Hell            Zot (0/5) Depths:4
 Bailey (visited)           IceCv (visited)          WizLab (visited)
Desolation (visited)      Gauntlet (visited)

Altars:
Ashenzari
Cheibriados
Dithmenos
Elyvilon
Fedhas
Gozag
Hepliaklqana
Kikubaaqudgha
Makhleb
Nemelex Xobeh
Okawaru
Qazlal
Ru
Sif Muna
Trog
Uskayaw
Vehumet
Wu Jian
Xom
Yredelemnul
Zin
The Shining One
Jiyva
Lugonu

Shops:
D:1 [   D:5 *   D:6 *   D:10 *   D:12 ([   Orc:1 (   Orc:2 *?*(   Elf:1 [
Elf:2 :=*?   Vaults:4 =   Depths:1 ::=

Portals:
Hell: Depths:1 Depths:2 Depths:3 Depths:4
Abyss: Geh:6 Tar:3 Depths:2 Depths:3
Pandemonium: Depths:2
Ziggurat: Depths:4

Annotations:
Depths:2 the Enchantress
Pan Mnoleg


Innate Abilities, Weirdness & Mutations

You are an undying horror.
Your melee and unarmed attacks drain, slow and weaken victims.
You are immune to unholy pain and torment.
You cannot drink.
You are immune to poison.
You cannot be hasted, slowed, berserked, paralysed or teleported.
You can dig through walls and to a lower floor.
You have a pair of large antennae on your head. (SInv)
Your four strong arms can wield two-handed weapons with a shield.
Your magical capacity is low. (-10% MP)


Message History

Your butterfly disappears in a burst of colours!
The shadow demon is engulfed in blazing flames.
The shadow demon hits your spectral tentacled monstrosity!
Your fire dragon zombie is engulfed in blazing flames.
Your fire dragon zombie bites itself.
Your fire dragon zombie claws itself!
Your fire dragon zombie tramples itself.
The neqoxec is engulfed in blazing flames.
The neqoxec hits your spectral shadow demon.
Cerebov hits Mnoleg with the +6 sword of Cerebov!
Cerebov burns Mnoleg.
The cacodemon is engulfed in blazing flames.
Something barely misses the ufetubus.
Your spectral shadow demon is engulfed in blazing flames.
Your spectral shadow demon misses the neqoxec.
The large abomination hits your fire dragon zombie!!
Your fire dragon zombie is destroyed!
The tentacled monstrosity is engulfed in blazing flames.
Mnoleg bites Cerebov but does no damage.
Mnoleg closely misses Cerebov.
Mnoleg trunk-slaps Cerebov but does no damage.
The shadow demon is engulfed in blazing flames.
The shadow demon hits your spectral tentacled monstrosity!!
Your spectral tentacled monstrosity is destroyed!
The protean progenitor is engulfed in blazing flames.
The protean progenitor punches Cerebov but does no damage.
Unknown command.
Unknown command.
Unknown command.
You catch the helpless cacodemon completely off-guard!
You hit the cacodemon.
The cacodemon decays.
You freeze the cacodemon.
The cacodemon is almost dead.
The neqoxec is no longer unusually resistant.
The shadow demon is no longer unusually agile.
Something hits the orange demon!
Cerebov hits Mnoleg with the +6 sword of Cerebov!!
Cerebov burns Mnoleg.
The glowing orange brain pulsates.
Something gnaws heavily on your mind!
You die...
You join the legions of the undead harvest.

**,***,,*,*,#..###.##.###'######+
*,,,,,,,**,*#...[.3.###..........
**,,,,,,*,,,*......####..........
****,,,**,,,*#...*###..#.......##
,* *,,,*..,,,#.4{*##...#.....###.
,****,,*..2.{#GG####bb###..#+#...
,,,**,,*....X#&.##bb..######.....
,,,,,,,,..42XG2Z°bbbbb#.##..(....
,,,,,,,,..2.3X2Czb.bZ....###.....
,****,,*#.23##§2####.......#+#...
**,,,,,*.35{5#Z4{,,#####...,,***,
,,,,,,,,.,,{43w.{,,,,*,*#..,,,,**
,,,,,,,,,,,5353*G4{,,,*,*..,,∩,,,
,,,,,,,,,.........,,,*,**,,,,,,,,
**,,,,,*,....#.....*****,,,,,,,,,
,****,,**...##..****,,,,,,,,,,,,,
,,,,,,,,,,,,,,,,,,,,,,,,,***,,,,,


You could see Mnoleg (distracted, slow, combustible, weak, ally target), an
eldritch tentacle (strong), 3 cacodemons, a protean progenitor (agile,
resistant, distracted, ally target), 2 glowing orange brains, 4 shadow demons, 2
orange demons, a glass eye (fast, resistant), 3 large abominations, 4 neqoxecs,
a ynoxinul, 2 chaos spawn, 2 ufetubi, a friendly spectral shadow demon, the
friendly Cerebov the bound soul (fast) and a friendly fire dragon zombie
(weak-willed).

Vanquished Creatures
  Ereshkigal (Tar:7)
  the Royal Jelly (Slime:5)
  Ignacio (Pan)
  Gloorx Vloq (Pan)
  Lom Lobon (Pan)
  7 dread liches
  6 ancient liches
  6 juggernauts
  3 pandemonium lords (Pan)
  3 shard shrikes (Coc:7)
  Bai Suzhen (Elf:3)
  15 caustic shrikes
  Saint Roka (Depths:2)
  6 profane servitors
  4 golden dragons
  3 pearl dragons
  4 doom hounds
  A shard shrike zombie (Crypt:3)
  2 iron giants
  A Cloud Mage (WizLab)
  2 hellephants (Geh:2)
  5 Brimstone Fiends
  9 bone dragons
  16 Tzitzimimeh
  4 tentacled monstrosities
  16 Ice Fiends
  12 Hell Sentinels
  A walking crystal tome (Depths:3)
  2 liches
  2 quicksilver dragons (Vaults:5)
  A shard shrike skeleton (Crypt:2)
  13 tainted leviathans
  14 searing wretches
  9 titans
  2 deep elf blademasters (Elf:3)
  2 tentacled starspawn
  22 acid blobs
  37 ancient champions
  A kraken (Abyss:3)
  12 Executioners (Pan)
  5 shadow dragons
  A thorn hunter (Swamp:2)
  11 daevas
  3 revenants
  21 azure jellies
  3 storm dragons
  11 narguns
  14 tengu reavers
  2 demonspawn warmongers (Pan)
  8 rockslimes
  12 frost giants
  2 protean progenitors (Pan)
  8 deep elf sorcerers
  4 iron dragons
  28 balrugs
  4 shard shrike simulacra
  15 fire giants
  6 quicksilver elementals
  A spectral caustic shrike (Tar:6)
  3 ghost moths
  14 vault wardens
  A draconian stormcaller (Depths:4)
  16 angels (Pan)
  15 ironbound preservers
  5 ghouls
  11 stone giants
  7 cacodemons
  3 curse skulls
  2 draconian annihilators (Pan)
  11 reapers
  2 caustic shrike skeletons (Pan)
  4 ironbound thunderhulks
  6 quicksilver oozes
  A demonspawn blood saint (Pan)
  22 very ugly things
  9 ophanim (Pan)
  2 formless jellyfish
  15 elemental wellsprings
  A juggernaut skeleton (Pan)
  12 vampire knights
  A demonspawn corrupter (Pan)
  17 apis (Pan)
  3 eleionomae
  2 lorocyprocas
  19 putrid mouths
  5 deep elf demonologists (Elf:3)
  5 deep elf annihilators
  4 bunyips
  A halazid warlock (Desolation)
  8 deep elf death magi
  6 dire elephants (Vaults:4)
  A minotaur (Gauntlet)
  3 white draconians
  3 demonspawn black suns (Pan)
  28 war gargoyles
  A green draconian (Depths:4)
  5 eidola
  13 wendigos
  9 spark wasps
  22 iron golems
  19 starcursed masses
  4 green deaths (Pan)
  8 blizzard demons
  9 ettins
  A mummy priest (Crypt:3)
  8 entropy weavers
  A quicksilver dragon zombie (Crypt:1)
  A spectral golden dragon (Vaults:5)
  3 crystal guardians
  4 deep elf high priests
  A merfolk javelineer (Depths:3)
  12 fire dragons
  14 yaktaur captains
  8 jiangshi
  A shambling mangrove (Swamp:2)
  2 spectral spriggans
  A fenstrider witch zombie (Crypt:1)
  3 hell beasts (Pan)
  10 great orbs of eyes
  2 ice dragons
  3 ragged hierophants (Desolation)
  32 vault guards
  2 juggernaut simulacra (Coc:7)
  A spriggan skeleton (Hell)
  3 caustic shrike simulacra
  2 rakshasas
  4 servants of whispers (Desolation)
  7 spriggan air magi
  9 peacekeepers
  6 salamander tyrants
  4 ogre magi
  3 ghost crabs
  A hydra (Swamp:3)
  8 ironbound frosthearts
  3 radroaches
  3 boulder beetles
  2 jorogumos
  A centaur warrior (D:13)
  7 alligators
  4 death yaks
  3 death knights
  A merfolk aquamancer (Pan)
  A naga warrior (Abyss:2)
  10 hell hogs
  17 dancing weapons
  4 stokers
  6 death scarabs (Spider:4)
  8 two-headed ogres
  9 deep troll shamans
  4 deep troll earth magi
  4 orc high priests
  3 tengu warriors
  A shock serpent (WizLab)
  A spectral emperor scorpion (Spider:4)
  6 demonic crawlers
  9 vampire magi
  A spectral naga (Tar:1)
  3 thrashing horrors
  8 crystal echidnas
  9 soul eaters
  An occultist (Depths:1)
  10 spriggan berserkers
  2 fire crabs (Abyss:3)
  14 hell knights
  4 wretched stars
  5 deep elf knights
  6 sixfirhies
  4 pharaoh ants
  26 shadow wraiths
  34 sun demons
  2 goliath frogs
  33 skeletal warriors
  51 deep trolls
  7 flayed ghosts
  A spectral anaconda (Tar:1)
  A skyshark (shapeshifter) (Vaults:5)
  A spatial maelstrom (Abyss:3)
  A quicksilver dragon simulacrum (Coc:3)
  A skyshark (Lair:2)
  5 iron trolls
  5 spriggan riders
  A sea snake (shapeshifter) (Vaults:5)
  2 spriggan druids
  An obsidian statue (Vaults:3)
  A death drake (shapeshifter) (Vaults:5)
  6 glowing orange brains
  3 death drakes
  A swamp dragon (Swamp:4)
  A bunyip skeleton (Crypt:1)
  2 arcanists
  An orange crystal statue (Vaults:1)
  2 orb spiders
  4 shadow demons (Pan)
  5 bog bodies
  10 cherubim (Pan)
  A golden dragon skeleton (Depths:1)
  3 kraken simulacra (Coc:7)
  A spectral jorogumo (Spider:4)
  4 steelbarb worms
  2 shadow dragon zombies
  A spectral wolf spider (Spider:4)
  16 lindwurms
  A sun moth (Pan)
  2 spriggan simulacra
  8 deep elf archers
  10 ironbound convokers
  21 deep elf zephyrmancers
  13 large abominations
  8 orc knights
  5 harpies
  A goliath frog zombie (Crypt:3)
  8 phantasmal warriors
  18 deep elf pyromancers
  9 necromancers
  14 wolf spiders
  A tengu skeleton (Depths:1)
  3 orc sorcerers
  A stone giant zombie (Depths:1)
  A manticore (D:11)
  A will-o-the-wisp (Swamp:3)
  2 moths of wrath
  3 salamanders (Depths:2)
  25 ugly things
  3 cyclopes
  3 worldbinders (Abyss:3)
  2 guardian serpents
  7 elephants
  5 apocalypse crabs
  6 rust devils
  2 dire elephant zombies
  3 ice statues
  8 vault sentinels
  Maurice (D:8)
  A molten gargoyle (Geh:7)
  3 titan simulacra
  A naga mage (Abyss:2)
  2 black mambas (Lair:1)
  16 smoke demons
  A centaur skeleton (Crypt:3)
  A gargoyle (D:13)
  12 hellions
  A spectral slime creature (Slime:5)
  7 orange demons
  10 cane toads
  4 torpor snails
  The ghost of Snipperlap the Spear-Bearer, a novice GnWn of Gozag (D:6)
  3 unseen horrors (Tar:7)
  2 rime drakes
  35 yaktaurs
  A dire elephant skeleton (Hell)
  A purple draconian zombie (Crypt:1)
  2 anaconda simulacra
  A minotaur skeleton (Crypt:3)
  2 tengu conjurers
  13 freezing wraiths
  4 human zombies
  A kobold demonologist (D:12)
  4 efreet
  An iron giant simulacrum (Coc:7)
  A bunyip simulacrum (Coc:1)
  2 komodo dragons (Lair:1)
  4 ancient zymes
  6 guardian mummies (Crypt:3)
  An ice devil (Pan)
  2 redback zombies (Spider:4)
  2 tormentors (Dis:4)
  A golden dragon simulacrum (Coc:7)
  2 red devils (Hell)
  13 hellwings
  A harpy zombie (Crypt:1)
  A bloated husk (Swamp:3)
  An iron troll skeleton (Crypt:3)
  A troll (shapeshifter) (Elf:1)
  A hydra zombie (Hell)
  4 trolls
  2 spectral culicivoras (Spider:4)
  2 spectral tarantellas (Spider:4)
  5 polar bears
  8 tyrant leeches
  18 saltlings (Desolation)
  A spectral jumping spider (Spider:4)
  4 raiju
  2 harpy skeletons
  Grinder (D:4)
  2 hydra skeletons
  12 blink frogs
  9 tarantellas
  A dream sheep (Lair:5)
  4 glass eyes
  2 iron dragon simulacra (Coc:7)
  A fire dragon zombie (Crypt:3)
  A jumping spider zombie (Spider:4)
  3 fire giant simulacra (Coc:2)
  26 slime creatures
  A centaur simulacrum (D:12)
  3 spriggan zombies
  2 stone giant simulacra
  17 culicivoras
  17 jumping spiders
  A dire elephant simulacrum (Coc:7)
  2 spriggans
  8 water elementals
  4 wyverns
  A wind drake zombie (Crypt:3)
  8 air elementals
  9 wraiths
  3 basilisks
  19 ynoxinuls
  An alligator snapping turtle simulacrum (Hell)
  18 yaks
  31 redbacks
  8 neqoxecs
  3 swamp worm simulacra (Swamp:4)
  A hog (Swamp:1)
  4 chaos spawn
  A fire elemental (Elf:1)
  14 vampire mosquitoes
  4 small abominations
  6 swamp worms
  Menkaure (D:7)
  3 steam dragons
  5 harpy simulacra
  2 swamp worms (shapeshifter)
  An elf skeleton (Vaults:3)
  A naga (Abyss:2)
  An ogre zombie (Vaults:1)
  An acid dragon (D:10)
  12 hydra simulacra
  12 water moccasins
  2 hell hounds (Abyss:3)
  24 orc warriors
  An ice beast (D:12)
  18 laughing skulls
  A black bear (D:8)
  A sky beast (D:7)
  7 wolves
  4 ettin simulacra
  A manticore zombie (Crypt:2)
  6 ogres
  7 centaurs
  A phantom (D:5)
  2 weeping skulls (Abyss:2)
  8 kobold brigands
  9 bullfrogs
  2 yaktaur skeletons
  A human skeleton (Vaults:3)
  A gnoll sergeant (D:10)
  2 scorpions
  10 wights
  2 elephant simulacra (IceCv)
  10 killer bees
  4 howler monkeys
  6 electric eels (D:9)
  A crimson imp (Gauntlet)
  3 hounds
  11 orc priests
  A wolf skeleton (Crypt:1)
  2 bombardier beetles
  2 gnoll boudas (D:7)
  5 iron imps
  3 sleepcaps
  14 orc wizards
  4 iguanas
  2 hell rats (Hell)
  A polar bear simulacrum (IceCv)
  Natasha (thrice) (D:3)
  A wolf simulacrum (IceCv)
  An acid dragon skeleton (Crypt:3)
  17 gnolls
  A steam dragon zombie (Crypt:1)
  A howler monkey skeleton (Crypt:1)
  3 adders
  A shadow imp (D:5)
  13 white imps
  5 ufetubi
  A swamp drake simulacrum (Swamp:4)
  4 ribbon worms
  3 dart slugs
  A ribbon worm (shapeshifter) (Abyss:3)
  36 orcs
  8 ball pythons
  4 endoplasms
  2 giant cockroaches
  8 goblins
  6 hobgoblins
  2 jackals (D:4)
  23 kobolds
  A quokka (D:1)
  3 bats
  2 frilled lizards
  4 rats (D:1)
  An aspiring flesh (Pan)
  3 creeping infernos
  19 fire vortices
  2 lurking horrors
  2 starspawn tentacles (Abyss:1)
  7 tentacles
2398 creatures vanquished.

Vanquished Creatures (collateral kills)
  Antaeus (Coc:7)
  Asmodeus (Geh:7)
  the Serpent of Hell (Geh:7)
  A seraph (Pan)
  2 dread liches
  3 ancient liches
  Mennas (Pan)
  9 juggernauts
  A pandemonium lord (Pan)
  7 caustic shrikes
  A golden dragon (Depths:2)
  A profane servitor (Tar:7)
  4 iron giants
  4 Brimstone Fiends
  8 Tzitzimimeh
  12 bone dragons
  6 doom hounds
  3 hellephants
  Rupert (Lair:5)
  3 tentacled monstrosities
  2 spectral shard shrikes
  8 Ice Fiends
  8 tainted leviathans
  5 Hell Sentinels
  A sphinx (Vaults:5)
  9 titans
  A deep elf master archer (Elf:3)
  A quicksilver dragon (Depths:4)
  4 acid blobs
  11 searing wretches
  7 Executioners (Pan)
  17 ancient champions
  A tentacled starspawn (Abyss:1)
  Kirke (Swamp:1)
  2 storm dragons
  3 tengu reavers
  A protean progenitor (Pan)
  A revenant (Crypt:3)
  A demonspawn warmonger (Pan)
  A spectral rakshasa (WizLab)
  2 shadow dragons
  7 azure jellies
  3 rockslimes
  2 narguns (Coc:7)
  2 deep elf sorcerers (Elf:3)
  2 daevas (Pan)
  11 fire giants
  A spectral juggernaut (Tar:5)
  A caustic shrike zombie (Crypt:1)
  A ghost moth (Spider:4)
  11 frost giants
  2 iron dragons
  11 balrugs
  4 vault wardens
  2 emperor scorpions (Spider:4)
  3 shard shrike simulacra
  3 ghouls (Crypt:2)
  7 quicksilver elementals
  7 cacodemons
  A deep elf elementalist (Elf:3)
  8 angels (Pan)
  3 caustic shrike skeletons (Pan)
  9 reapers
  3 spriggan defenders (Depths:2)
  5 demonspawn blood saints (Pan)
  3 demonspawn corrupters (Pan)
  4 very ugly things
  8 ironbound preservers
  A broodmother (Spider:2)
  4 juggernaut skeletons
  A green draconian (Depths:4)
  3 ironbound thunderhulks
  5 ophanim (Pan)
  6 elemental wellsprings
  A lorocyproca (Hell)
  2 vampire knights
  10 apis (Pan)
  2 bunyips
  A stone giant (Depths:2)
  13 putrid mouths
  2 deep elf death magi (Elf:3)
  An eleionoma (Swamp:1)
  11 war gargoyles
  A dire elephant (Vaults:4)
  A demonspawn black sun (Pan)
  4 spark wasps
  4 deep elf annihilators
  5 wendigos
  A halazid warlock (Desolation)
  8 green deaths (Pan)
  7 eidola
  A merfolk javelineer (Depths:3)
  9 iron golems
  An ettin (Depths:3)
  3 fire dragons
  A shambling mangrove (Abyss:3)
  A deep elf high priest (Elf:3)
  3 blizzard demons
  4 jiangshi
  2 crystal guardians
  A spectral fenstrider witch (Tar:1)
  4 entropy weavers (Spider:2)
  A mummy priest (Crypt:3)
  A merfolk impaler (Depths:3)
  A spectral spriggan (Tar:4)
  2 yaktaur captains
  6 hydras
  3 great orbs of eyes
  A peacekeeper (Vaults:4)
  3 servants of whispers (Desolation)
  3 caustic shrike simulacra
  2 ogre magi
  3 salamander tyrants
  5 vault guards
  5 alligators
  2 rakshasas (Pan)
  7 ice dragons
  4 jorogumos
  3 radroaches
  3 juggernaut simulacra
  7 stokers
  2 spriggan air magi
  A ghost crab (WizLab)
  2 ironbound frosthearts
  A merfolk aquamancer (Pan)
  5 two-headed ogres
  A spectral stone giant (Tar:1)
  2 death knights
  2 boulder beetles
  A tengu warrior (D:10)
  7 deep troll shamans
  3 death scarabs (Spider:4)
  6 death yaks
  2 dancing weapons
  3 deep troll earth magi
  An azure jelly zombie (Crypt:1)
  A demonic crawler (Hell)
  A vampire mage (Crypt:2)
  2 spectral nagas (Tar:1)
  14 hell hogs
  A spectral Executioner (Pan)
  2 orc high priests (Orc:1)
  2 shock serpents (WizLab)
  5 crystal echidnas
  13 soul eaters
  14 sun demons
  4 hell knights
  2 spriggan berserkers (Depths:4)
  A bunyip zombie (Crypt:3)
  16 shadow wraiths
  A spectral catoblepas (Tar:1)
  A hellephant skeleton (Pan)
  A wretched star (Abyss:1)
  3 pharaoh ants
  A skyshark (Lair:5)
  5 sixfirhies (Pan)
  21 skeletal warriors
  4 goliath frogs
  3 spriggan riders
  A storm dragon skeleton (Crypt:2)
  9 cherubim (Pan)
  3 flayed ghosts
  An iron troll (Depths:4)
  2 glowing orange brains
  A spectral anaconda (Tar:1)
  2 arcanists
  6 bog bodies
  A sun moth (Pan)
  23 deep trolls
  An anaconda zombie (Hell)
  2 bunyip skeletons (Crypt:2)
  6 orb spiders
  A kraken simulacrum (Coc:7)
  3 spriggan simulacra
  4 phantasmal warriors
  6 lindwurms
  2 shadow demons (Pan)
  A spectral wolf spider (Gauntlet)
  2 steelbarb worms
  2 deep elf archers
  A deep elf pyromancer (Elf:1)
  An ironbound convoker (Desolation)
  2 tengu zombies
  10 large abominations
  2 wolf spider zombies (Spider:4)
  5 orc knights
  An iron dragon zombie (Crypt:2)
  2 spectral iron dragons
  2 will-o-the-wisps
  7 deep elf zephyrmancers
  2 shining eyes
  7 wolf spiders
  2 broodmother zombies (Spider:4)
  A manticore (D:14)
  4 necromancers
  2 harpies
  2 orc sorcerers
  A spectral blizzard demon (WizLab)
  A spectral centaur (Tar:1)
  3 cyclopes
  An alligator skeleton (Hell)
  A guardian serpent (Desolation)
  4 moths of wrath (Spider:4)
  11 ugly things
  A centaur zombie (Gauntlet)
  A salamander (Depths:2)
  5 apocalypse crabs
  4 black mambas
  2 torpor snails
  A stone giant skeleton (Hell)
  9 slime creatures
  5 rust devils
  3 elephants
  3 smoke demons
  4 vault sentinels
  A centaur skeleton (Crypt:1)
  11 cane toads
  2 ice statues
  2 titan simulacra
  5 molten gargoyles (Geh:7)
  8 orange demons
  8 tormentors
  13 yaktaurs
  8 hellions
  A rime drake (Lair:4)
  5 freezing wraiths
  A sea snake zombie (Hell)
  3 spriggan zombies
  2 komodo dragons
  2 redback zombies
  3 anaconda simulacra
  2 spectral redbacks (Spider:4)
  3 tengu conjurers
  An efreet (Pan)
  An ice devil (Hell)
  An iron giant simulacrum (Coc:7)
  4 red devils
  A sea snake skeleton (Hell)
  5 hornets
  A bloated husk (Swamp:1)
  A spectral jumping spider (Spider:4)
  18 tarantellas
  3 harpy zombies
  11 hellwings (Pan)
  9 tyrant leeches
  22 saltlings (Desolation)
  10 blink frogs
  A culicivora zombie (Spider:2)
  2 hydra skeletons
  A jumping spider zombie (Spider:4)
  A fire giant simulacrum (Coc:2)
  2 stone giant simulacra (Coc:2)
  A frost giant simulacrum (Depths:1)
  5 dream sheep (Lair:5)
  An air elemental (WizLab)
  3 centaur simulacra
  5 glass eyes
  3 water elementals
  11 culicivoras
  2 spriggans (Swamp:1)
  A culicivora (shapeshifter) (Vaults:5)
  20 jumping spiders
  3 wraiths
  A dire elephant simulacrum (Crypt:3)
  18 yaks
  5 wyverns
  5 ynoxinuls (Pan)
  A hog (Swamp:1)
  A warg (Orc:1)
  A swamp worm simulacrum (Swamp:4)
  2 death yak simulacra (IceCv)
  4 neqoxecs (Pan)
  9 vampire mosquitoes
  12 swamp worms
  2 chaos spawn (Pan)
  9 harpy simulacra
  31 redbacks
  An acid dragon (D:12)
  4 hydra simulacra (Swamp:4)
  A naga skeleton (Abyss:1)
  5 water moccasins
  A hell hound (Abyss:3)
  2 ice beasts
  13 orc warriors
  18 laughing skulls
  A black bear (D:8)
  6 ogres
  11 wolves
  A torpor snail zombie (Crypt:3)
  A spectral chaos spawn (Pan)
  A spectral neqoxec (Pan)
  7 bullfrogs
  2 earth elementals
  2 scorpions (D:7)
  A cane toad simulacrum (IceCv)
  3 naga simulacra
  A wight (D:8)
  2 killer bees (D:10)
  A troll skeleton (Crypt:2)
  2 electric eels
  3 howler monkeys
  A crimson imp (Gauntlet)
  A bombardier beetle (D:6)
  A lava snake (Lair:5)
  A hound (D:6)
  10 orc priests
  4 starcursed masses
  6 iron imps
  8 orc wizards
  4 hell rats (Hell)
  A gnoll (D:7)
  A shadow imp (Tar:7)
  5 white imps
  2 ufetubi (D:12)
  3 swamp drake simulacra (Swamp:4)
  29 orcs
  3 kobolds (D:8)
  3 creeping infernos
  16 fire vortices
  A lurking horror (Tar:3)
1337 creatures vanquished.

Vanquished Creatures (others)
  2 shard shrikes (Coc:7)
  2 caustic shrikes (Dis:7)
  2 golden dragons (Depths:3)
  3 shard shrike zombies (Coc:7)
  A walking crystal tome (Depths:3)
  A tentacled monstrosity (Pan)
  spectral Arachne (Depths:1)
  An eldritch tentacle (Pan)
  spectral Geryon (Dis:7)
  A nargun (Coc:5)
  An azure jelly (Coc:7)
  4 caustic shrike zombies
  8 spectral
  Executioners (Pan)
  A juggernaut zombie (Depths:2)
  A spectral tentacled monstrosity (Pan)
  3 spectral
  Tzitzimitls (Tar:7)
  2 spectral humans
  A spectral titan (Vaults:5)
  3 doom hound zombies
  A white draconian (Depths:4)
  4 spectral
  Hell Sentinels (Dis:7)
  A spectral fire giant (D:15)
  A spectral very ugly thing (Depths:3)
  A spectral spriggan (Crypt:3)
  6 very ugly thing zombies
  A merfolk javelineer (Depths:3)
  2 pearl dragon zombies (Pan)
  A fire dragon (Depths:3)
  7 acid blob zombies
  A quicksilver dragon zombie (Vaults:5)
  A spectral stone giant (Depths:2)
  A spectral Brimstone Fiend (Geh:7)
  6 spectral Ice Fiends
  A spectral tengu (Vaults:5)
  A kraken zombie (Abyss:3)
  A caustic shrike simulacrum (Coc:7)
  3 rakshasas (Pan)
  A ghost crab (WizLab)
  A spectral protean progenitor (Pan)
  A spectral azure jelly (Slime:5)
  A shock serpent (WizLab)
  2 azure jelly zombies
  An occultist (Depths:3)
  A spriggan berserker (Depths:4)
  10 spectral balrugs
  6 spectral sixfirhies
  2 titan zombies
  8 spectral wendigos
  A spectral elf (Vaults:5)
  An emperor scorpion zombie (Spider:4)
  5 spectral daevas (Pan)
  A shadow wraith (Crypt:3)
  10 spectral angels (Pan)
  4 spark wasp zombies
  A spectral yaktaur (Vaults:5)
  2 death drakes (WizLab)
  A glowing orange brain (Pan)
  5 spectral reapers
  2 iron giant zombies (Dis:7)
  A quicksilver dragon simulacrum (Coc:7)
  2 spectral centaurs
  2 spectral green deaths (Pan)
  4 wolf spider zombies
  3 spriggan simulacra
  An alligator zombie (Swamp:4)
  2 spectral cacodemons
  A shadow dragon zombie (Vaults:5)
  9 ugly thing zombies
  4 fire giant zombies
  2 iron dragon zombies
  A deep elf zephyrmancer (Elf:1)
  9 hell hog zombies
  A draconian zombie (Pan)
  2 frost giant zombies
  13 apis zombies (Pan)
  A jorogumo zombie (Pan)
  A spectral iron troll (Depths:1)
  A spectral blizzard demon (WizLab)
  3 stone giant zombies
  A dire elephant zombie (Vaults:4)
  A shock serpent zombie (WizLab)
  2 titan simulacra (Coc:5)
  3 spectral rakshasas
  4 demonspawn zombies (Pan)
  3 spectral soul eaters
  10 spectral sun demons
  A spectral slime creature (Slime:5)
  A white draconian zombie (Depths:4)
  An unseen horror zombie (Tar:7)
  A steelbarb worm zombie (Spider:4)
  2 anaconda simulacra (Coc:7)
  13 redback zombies
  4 swamp worm zombies
  A spectral deep troll (Vaults:5)
  A spectral shadow demon (Pan)
  A red devil (Pan)
  A golden dragon simulacrum (Coc:7)
  2 great orb of eyes zombies (Depths:2)
  3 merfolk zombies
  A wind drake (WizLab)
  A spectral cyclops (D:15)
  2 harpy zombies
  10 tarantella zombies
  A demonic crawler zombie (Hell)
  A moth of wrath zombie (Spider:4)
  An iron dragon simulacrum (Coc:7)
  A sun moth zombie (Pan)
  8 spectral cherubs (Pan)
  A saltling (Desolation)
  A boulder beetle zombie (D:15)
  4 culicivora zombies
  A guardian serpent zombie (Desolation)
  3 ice dragon zombies
  4 jumping spider zombies
  A hornet (Depths:4)
  3 death drake zombies
  3 ettin zombies
  4 fire dragon zombies
  8 spriggan zombies
  2 black mamba zombies
  3 slime creature zombies
  A naga simulacrum (Coc:5)
  A spriggan (Depths:4)
  A spectral hell beast (Pan)
  5 spectral orange demons
  A tyrant leech zombie (Swamp:4)
  19 deep troll zombies
  4 spectral tormentors
  A skyshark zombie (Lair:2)
  2 harpy simulacra
  2 spectral hellions
  4 two-headed ogre zombies
  39 human zombies
  2 entropy weaver zombies (Vaults:3)
  4 cane toad zombies
  7 spectral hellwings
  A spectral red devil (Hell)
  8 spectral smoke demons
  A spectral efreet (D:15)
  4 lindwurm zombies
  2 ettin simulacra (Coc:7)
  17 elf zombies
  5 blink frog zombies
  2 elephant zombies (Lair:1)
  6 spectral ynoxinuls
  A torpor snail zombie (Lair:2)
  A spectral neqoxec (Pan)
  A fire crab zombie (Abyss:3)
  A spectral chaos spawn (Pan)
  2 apocalypse crab zombies
  8 salamander zombies
  11 yaktaur zombies
  A cyclops zombie (D:12)
  3 wyvern zombies
  A hell hound zombie (Abyss:3)
  3 water moccasin zombies
  9 tengu zombies
  3 raiju zombies
  6 yak zombies
  A polar bear zombie (Lair:2)
  4 wolf zombies
  2 centaur zombies
  6 bullfrog zombies
  3 killer bee zombies
  5 ogre zombies
  2 hell rat zombies (Hell)
  3 howler monkey zombies
  2 spectral crimson imps (Gauntlet)
  A steam dragon zombie (D:9)
  56 orc zombies
  2 spectral iron imps
  3 spectral white imps
  4 orcs
  A gnoll zombie (D:10)
  13 kobold zombies
  4 spectral ufetubi
  4 ball lightnings (Pan)
  5 creeping infernos
  19 fire vortices
  9 foxfires
  A lurking horror (Tar:3)
  24 tentacles
693 creatures vanquished.

Grand Total: 4428 creatures vanquished

Notes
Turn   | Place    | Note
-------+----------+-------------------------------------------
     0 | D:1      | Bnni the Formicid Fighter began the quest for the Orb.
     0 | D:1      | Reached XP level 1. HP: 18/18 MP: 1/1
    27 | D:1      | Found Jueck's Antique Armour Shop.
    93 | D:1      | Reached XP level 2. HP: 24/24 MP: 2/2
   211 | D:1      | Reached XP level 3. HP: 30/30 MP: 3/3
   455 | D:1      | Found a faded altar of an unknown god.
   460 | D:1      | Noticed a golden eye
   462 | D:1      | Noticed a golden eye
   467 | D:1      | Noticed an eye of devastation
   467 | D:1      | Noticed a golden eye
  1169 | D:2      | Identified the +7 hand axe "Epi Usmill" {flame, rC+ rN++
                  | Dex-5 SInv}
  1193 | D:3      | Reached XP level 4. HP: 36/37 MP: 4/4
  1258 | D:3      | Noticed Natasha
  1266 | D:3      | Killed Natasha
  1410 | D:3      | Noticed Natasha
  1415 | D:3      | Killed Natasha
  1416 | D:3      | Reached XP level 5. HP: 38/43 MP: 5/5
  1633 | D:3      | Found a sparkling altar of Nemelex Xobeh.
  1638 | D:3      | Found an ornate altar of the Wu Jian Council.
  1639 | D:3      | Found a stormy altar of Qazlal.
  1641 | D:3      | Found an opulent altar of Gozag.
  1773 | D:3      | Noticed Natasha
  1779 | D:3      | Killed Natasha
  1969 | D:4      | Noticed Grinder
  1970 | D:4      | Reached XP level 6. HP: 49/49 MP: 6/6
  1973 | D:4      | Reached skill level 5 in Polearms
  1982 | D:4      | Reached skill level 5 in Fighting
  2009 | D:4      | Killed Grinder
  2010 | D:4      | Reached XP level 7. HP: 25/56 MP: 7/7
  2946 | D:5      | Entered Level 5 of the Dungeon
  3131 | D:5      | Reached XP level 8. HP: 61/64 MP: 8/8
  3255 | D:5      | Found a staircase to the Ecumenical Temple.
  3263 | Temple   | Entered the Ecumenical Temple
  3274 | D:5      | Found Kusez's Elemental Accessories.
  3504 | D:5      | Found a hazy altar of Hepliaklqana.
  3504 | D:5      | Found a glowing golden altar of the Shining One.
  3859 | D:5      | Identified a scroll of acquirement
  3860 | D:5      | Acquired the +2 pair of gloves "Ducippor" {^Contam Str+2
                  | Dex+3}
  4259 | D:6      | Found a runed translucent gate.
  4259 | D:6      | Found a runed translucent gate.
  4259 | D:6      | Found a runed translucent gate.
  4262 | D:6      | Found an opulent altar of Gozag.
  4264 | D:6      | Noticed Snipperlap's ghost (novice GnWn)
  4277 | D:6      | Found Uraqeh's General Store.
  4305 | D:6      | Found a white marble altar of Elyvilon.
  4369 | D:6      | Found a basalt altar of Yredelemnul.
  4377 | D:6      | Became a worshipper of Yredelemnul the Fallen
  4391 | D:6      | Noticed a wyvern
  4401 | D:6      | Killed a wyvern
  4540 | D:6      | Found a snail-covered altar of Cheibriados.
  4545 | D:6      | Reached XP level 9. HP: 72/72 MP: 9/9
  4714 | D:6      | Noticed a troll
  4717 | D:6      | Killed a troll
  5143 | D:6      | Killed Snipperlap's ghost
  5144 | D:6      | Reached skill level 10 in Polearms
  5473 | D:7      | Reached XP level 10. HP: 83/83 MP: 10/10
  5541 | D:7      | Noticed Menkaure
  5548 | D:7      | Killed Menkaure
  5671 | D:7      | Found a flagged portal.
  5685 | Bailey   | Entered a bailey
  5700 | Bailey   | Reached * piety under Yredelemnul
  5871 | Bailey   | Reached skill level 10 in Fighting
  5910 | Bailey   | Found an iron altar of Okawaru.
  5926 | Bailey   | Identified the +0 scale mail "Publo" {rF+}
  6428 | D:7      | Found a glowing silver altar of Zin.
  7277 | D:8      | Found a staircase to the Lair.
  7286 | D:8      | Noticed Maurice
  7297 | D:8      | Reached XP level 11. HP: 87/92 MP: 11/11
  7303 | D:8      | Reached ** piety under Yredelemnul
  7331 | D:8      | Killed Maurice
  7514 | D:8      | Found a blossoming altar of Fedhas.
  8020 | D:9      | Noticed a seven-headed hydra
  8034 | D:9      | Killed a seven-headed hydra
  9079 | D:10     | Entered Level 10 of the Dungeon
  9143 | D:10     | Reached skill level 1 in Invocations
  9175 | D:10     | Identified the +0 leather armour of Day {rPois Str+3 Dex-4
                  | Stlth+}
  9316 | D:10     | Found Xarrehej's Assorted Antiques.
  9321 | D:10     | Bought a silvery potion for 33 gold pieces
  9609 | D:10     | Reached *** piety under Yredelemnul
  9628 | D:10     | Reached skill level 2 in Invocations
 10022 | D:10     | Found a bloodstained altar of Trog.
 10025 | D:10     | Noticed a tengu warrior
 10039 | D:10     | Killed a tengu warrior
 10040 | D:10     | Reached XP level 12. HP: 84/102 MP: 7/14
 10277 | D:11     | Reached skill level 3 in Invocations
 10330 | D:11     | Reached skill level 15 in Polearms
 10373 | D:11     | Reached skill level 4 in Invocations
 10637 | D:12     | Found a hide-covered altar of Uskayaw.
 10668 | D:12     | Found Wuychih's Armour Emporium.
 10668 | D:12     | Found a staircase to the Orcish Mines.
 10673 | D:12     | Found Zika's Weapon Emporium.
 10752 | D:12     | Bought a +0 tower shield for 76 gold pieces
 10774 | D:12     | Reached skill level 5 in Invocations
 10787 | D:12     | Found a frozen archway.
 10810 | D:12     | Reached **** piety under Yredelemnul
 10967 | IceCv    | Entered an ice cave
 10996 | IceCv    | Identified the +2 leather armour of Fyawk {^Contam Harm
                  | rElec rN++}
 11596 | IceCv    | Identified the +2 robe "Kegun" {+Blink MP+9 Str+2}
 11725 | D:12     | Reached skill level 6 in Invocations
 11738 | D:12     | Noticed a death yak
 11767 | D:12     | Killed a death yak
 11771 | D:12     | Reached skill level 5 in Shields
 11771 | D:12     | Reached XP level 13. HP: 82/109 MP: 17/17
 11942 | D:12     | Identified the +10 quarterstaff of Autumn {freeze, rPois
                  | rF- Dex+5}
 12264 | D:12     | Reached skill level 7 in Invocations
 12426 | D:13     | Noticed an ogre mage
 12426 | D:13     | Noticed a rakshasa
 12474 | D:13     | Killed a rakshasa
 12510 | D:13     | Killed an ogre mage
 12666 | D:13     | Found a gate to the Vaults.
 12715 | D:13     | Noticed a seven-headed hydra
 12723 | D:13     | Killed a seven-headed hydra
 12878 | D:13     | Noticed a centaur warrior
 12891 | D:13     | Killed a centaur warrior
 12891 | D:13     | Bound a centaur warrior
 13217 | D:13     | Noticed a centaur warrior
 13227 | D:13     | Killed a centaur warrior
 13612 | Lair:1   | Entered Level 1 of the Lair of Beasts
 13635 | Lair:1   | Reached skill level 8 in Invocations
 13772 | Lair:1   | Reached XP level 14. HP: 119/119 MP: 20/20
 13883 | Lair:1   | Acquired 909 gold pieces
 14436 | Lair:2   | Reached skill level 9 in Invocations
 15015 | Lair:2   | Found a staircase to the Swamp.
 15629 | Lair:3   | Reached ***** piety under Yredelemnul
 15882 | Lair:3   | Found a hole to the Spider Nest.
 16280 | Lair:3   | Reached skill level 10 in Shields
 16343 | Lair:4   | Found a gate leading to a gauntlet.
 16354 | Gauntlet | Entered a Gauntlet
 16354 | Gauntlet | Found a transporter.
 16354 | Gauntlet | Found a transporter.
 16420 | Gauntlet | Found a transporter.
 16438 | Gauntlet | Found a transporter.
 16438 | Gauntlet | Found a transporter.
 16440 | Gauntlet | Found a transporter.
 16440 | Gauntlet | Found a transporter.
 16452 | Gauntlet | Found a transporter.
 16467 | Gauntlet | Found a runed translucent door.
 16468 | Gauntlet | Found a transporter.
 16469 | Gauntlet | Found a runed translucent door.
 16478 | Gauntlet | Found a transporter.
 16492 | Gauntlet | Found a transporter.
 16505 | Gauntlet | Found a transporter.
 16512 | Gauntlet | Found a transporter.
 16524 | Gauntlet | Found a transporter.
 16933 | Gauntlet | Identified the -1 hat of the Eternal Void {Regen+ Str+4}
 16987 | Gauntlet | Identified the +1 pair of gloves of the Vaults {Rampage rF-
                  | Str+3 Slay+3}
 17006 | Gauntlet | Identified the staff "Loot" {Fly rPois Str-3 Int+8 Alchemy}
 17006 | Gauntlet | Noticed a minotaur
 17014 | Gauntlet | Killed a minotaur
 17015 | Gauntlet | Reached skill level 10 in Invocations
 17063 | Gauntlet | Got Sif Muna's Octavo of Parallel Chemistry
 17083 | Lair:4   | Reached XP level 15. HP: 119/127 MP: 22/22
 17293 | Lair:4   | Found a viscous altar of Jiyva.
 17293 | Lair:4   | Found a staircase to the Slime Pits.
 17424 | Lair:4   | Noticed Nessos
 17443 | Lair:4   | Killed Nessos
 17443 | Lair:4   | Bound Nessos
 17973 | Lair:5   | Entered Level 5 of the Lair of Beasts
 18042 | Lair:5   | Reached skill level 15 in Fighting
 18117 | Lair:5   | Noticed Rupert
 18127 | Lair:5   | Killed Rupert
 18345 | Lair:5   | Identified the +2 whip of Unpleasantness {venom, Will+
                  | SInv}
 18387 | Lair:5   | Reached skill level 11 in Invocations
 19030 | D:1      | Bought the +15 Maxwell's patent armour {-Cast -Tele rElec
                  | Will+ rCorr} for 2340 gold pieces
 19030 | D:1      | Found the +15 Maxwell's patent armour {-Cast -Tele rElec
                  | Will+ rCorr}
 19292 | Orc:1    | Entered Level 1 of the Orcish Mines
 19310 | Orc:1    | Reached ****** piety under Yredelemnul
 19506 | Orc:1    | Reached XP level 16. HP: 136/136 MP: 24/24
 19513 | Orc:1    | Found Piannir's Weapon Emporium.
 19718 | Orc:2    | Entered Level 2 of the Orcish Mines
 19768 | Orc:2    | Found a staircase to the Elven Halls.
 19793 | Orc:2    | Found an iron altar of Okawaru.
 20038 | Orc:2    | Your ally Nessos died
 20056 | Orc:2    | Found Pyty's Antique Weapon Shoppe.
 20056 | Orc:2    | Found Fuawk's Assorted Antiques.
 20062 | Orc:2    | Found Macidiu's Assorted Antiques.
 20062 | Orc:2    | Found Fotyshem's Magic Scroll Shop.
 20956 | D:15     | Entered Level 15 of the Dungeon
 21088 | D:15     | Noticed a fire giant
 21121 | D:15     | Killed a fire giant
 21121 | D:15     | Bound a fire giant
 21129 | D:15     | Found a staircase to the Depths.
 21206 | D:15     | Reached skill level 12 in Invocations
 21223 | D:15     | Reached skill level 15 in Shields
 21439 | D:15     | Noticed Jorgrun
 21456 | D:15     | Killed Jorgrun
 21456 | D:15     | Bound Jorgrun
 21772 | Spider:1 | Entered Level 1 of the Spider Nest
 21897 | Spider:1 | Reached XP level 17. HP: 144/144 MP: 26/26
 22267 | Spider:2 | Identified the +0 robe of Instinct {Fly rC++ MP+9}
 22288 | Spider:2 | Reached skill level 5 in Armour
 22807 | Spider:3 | Reached skill level 13 in Invocations
 23404 | Spider:3 | Reached XP level 18. HP: 147/148 MP: 7/27
 23537 | Spider:4 | Entered Level 4 of the Spider Nest
 23845 | Spider:4 | Noticed Arachne
 23857 | Spider:4 | Killed Arachne
 23857 | Spider:4 | Bound Arachne
 23958 | Spider:4 | Got a milky-white gem with 219 turns to spare
 23986 | Spider:4 | Got a gossamer rune of Zot
 24993 | Swamp:1  | Entered Level 1 of the Swamp
 25048 | Swamp:1  | Noticed Kirke
 25054 | Swamp:1  | Killed Kirke
 25094 | Swamp:1  | Reached skill level 14 in Invocations
 25135 | Swamp:1  | Reached XP level 19. HP: 161/161 MP: 29/29
 25453 | Swamp:1  | Acquired the ring "Wawoysh" {rC+ MP+9 Str+3 Int+5 Dex-5}
 25955 | Swamp:4  | Entered Level 4 of the Swamp
 26155 | Swamp:4  | Got a mossy gem with 527 turns to spare
 26158 | Swamp:4  | Got a decaying rune of Zot
 26527 | Swamp:4  | Identified the +4 pair of gloves "Sam Dilu" {Stlth+}
 28070 | Depths:1 | Entered Level 1 of the Depths
 28070 | Depths:1 | Found a gateway to Hell.
 28081 | Depths:1 | Found Benlinto's Book Emporium.
 28084 | Depths:1 | Found Wygarapn's Jewellery Boutique.
 28085 | Depths:1 | Found Xiaqoliy's Book Emporium.
 28144 | Depths:1 | Your ally Arachne died
 28298 | Depths:1 | Found a runed translucent door.
 28403 | Depths:1 | Reached XP level 20. HP: 161/170 MP: 30/30
 28968 | Depths:3 | Noticed Mara
 28984 | Depths:3 | Noticed Bnni's illusion
 28984 | Depths:3 | Killed Mara
 28984 | Depths:3 | Bound Mara
 28996 | Depths:3 | Found a one-way gate to the infinite horrors of the Abyss.
 29011 | Depths:3 | Reached skill level 10 in Armour
 29249 | Depths:3 | Noticed a golden dragon
 29249 | Depths:3 | Noticed a juggernaut
 29249 | Depths:3 | Noticed a walking crystal tome
 29260 | Depths:3 | Killed a juggernaut
 29285 | Depths:3 | Killed a walking crystal tome
 29286 | Depths:3 | Noticed a golden dragon
 29293 | Depths:3 | Killed a golden dragon
 29299 | Depths:3 | Killed a golden dragon
 30033 | Depths:3 | Reached XP level 21. HP: 174/178 MP: 31/31
 30231 | Depths:4 | Entered Level 4 of the Depths
 30234 | Depths:4 | Noticed a bone dragon
 30238 | Depths:4 | Noticed a bone dragon
 30260 | Depths:4 | Killed a bone dragon
 30264 | Depths:4 | Killed a bone dragon
 30279 | Depths:4 | Found a gate to the Realm of Zot.
 30284 | Depths:4 | Got a midnight gem with 847 turns to spare
 30327 | Depths:4 | Found a one-way gateway to a ziggurat.
 30352 | Depths:4 | Noticed a golden dragon
 30361 | Depths:4 | Killed a golden dragon
 30374 | Depths:4 | Found a magical portal.
 30431 | WizLab   | Entered The Chambers of the Cloud Mage
 30777 | WizLab   | Your ally Mara died
 30897 | WizLab   | Identified the ring of Etritud {rF+ EV+5 Int-2 Dex+2}
 30912 | WizLab   | Got the Tractate on Exhalation
 31001 | Depths:4 | Upgraded the game from 0.32-a0-377-g951292165a to
                  | 0.32-a0-418-g34023cf50c
 31001 | Depths:4 | Upgraded the game from 0.32-a0-418-g34023cf50c to
                  | 0.32-a0-427-g448f42529f
 31001 | Depths:4 | Upgraded the game from 0.32-a0-427-g448f42529f to
                  | 0.32-a0-470-g255bbe2f98
 31235 | Depths:4 | Found a white marble altar of Elyvilon.
 31766 | Depths:2 | Found a blossoming altar of Fedhas.
 31773 | Depths:2 | Found a transporter.
 31881 | Depths:2 | Reached skill level 1 in Dodging
 31905 | Depths:2 | Found a transporter.
 31979 | Depths:2 | Reached XP level 22. HP: 129/187 MP: 32/32
 32115 | Depths:2 | Noticed a caustic shrike
 32123 | Depths:2 | Killed a caustic shrike
 32152 | Depths:2 | Got the Almanac of the Crypt and Bringing Forth
 32246 | Depths:2 | Found a one-way gate leading to the halls of Pandemonium.
 32340 | Depths:2 | Identified the ring of the Blushing Messenger {Will+ Int+5
                  | Dex+4 Slay+2}
 32391 | Depths:2 | Noticed a juggernaut
 32391 | Depths:2 | Noticed the Enchantress
 32403 | Depths:2 | Killed the Enchantress
 32403 | Depths:2 | Bound the Enchantress
 32429 | Depths:2 | Killed a juggernaut
 32582 | Depths:2 | Noticed Saint Roka
 32606 | Depths:2 | Killed Saint Roka
 32615 | Depths:2 | Identified the ring of Arphutt {Ice rPois rCorr}
 32698 | Depths:2 | Noticed a golden dragon
 32707 | Depths:2 | Killed a golden dragon
 32794 | Depths:2 | Noticed a caustic shrike
 32801 | Depths:2 | Killed a caustic shrike
 32818 | Depths:2 | Identified the ring "Axaaskas" {rF+ Int+6 Dex+4}
 32952 | Depths:1 | Reached skill level 5 in Dodging
 33303 | Slime:1  | Entered Level 1 of the Pits of Slime
 33434 | Slime:5  | Entered Level 5 of the Pits of Slime
 33461 | Slime:5  | Noticed the Royal Jelly
 33466 | Slime:5  | Reached XP level 23. HP: 196/196 MP: 33/33
 33482 | Slime:5  | Found a viscous altar of Jiyva.
 33501 | Slime:5  | Killed the Royal Jelly
 33551 | Slime:5  | Identified the ring "Legoc" {rElec rC- MP+9 Int+3 Stlth+}
 33554 | Slime:5  | Got a starry gem with 369 turns to spare
 33557 | Slime:5  | Got a slimy rune of Zot
 33612 | Slime:5  | Identified the +2 robe "Ecsyug" {rPois rF- rCorr Int-3}
 33642 | Slime:5  | Got Weapotip's Precepts of Formation
 33744 | Slime:5  | Identified the staff of Dullness {Will+ rCorr Dex+4 Conj
                  | Air}
 33797 | Slime:5  | Identified the amulet of Hienemoc {Spirit rN+ Int+2 Dex+3
                  | Stlth-}
 33802 | Slime:5  | Identified the staff of Destiny {rPois rF- MP+9 Dex+5
                  | Alchemy}
 34039 | Slime:3  | Reached skill level 15 in Armour
 34095 | Lair:4   | Learned a level 1 spell: Apportation
 34098 | Lair:4   | Learned a level 2 spell: Lesser Beckoning
 34102 | Lair:4   | Learned a level 3 spell: Passwall
 34408 | Depths:2 | Voluntarily entered the Abyss.
 34484 | Abyss:1  | Reached skill level 1 in Shapeshifting
 34711 | Abyss:2  | Found a corrupted altar of Lugonu.
 34999 | Abyss:2  | Gained mutation: You are frail. (-10% HP) [a neqoxec]
 35174 | Abyss:3  | Reached skill level 5 in Shapeshifting
 35266 | Abyss:3  | Reached XP level 24. HP: 150/185 MP: 32/33
 35289 | Abyss:3  | Got an abyssal rune of Zot
 35569 | Depths:2 | Escaped the Abyss
 35706 | Elf:1    | Entered Level 1 of the Elven Halls
 35791 | Elf:1    | Found a crumbling gateway.
 35866 | Desolati | Entered the Desolation of Salt
 35971 | Desolati | Identified the ring "Yperah" {rPois rCorr EV+5 Dex+3}
 36109 | Desolati | Found the +10 morningstar "Eos" {elec, Halo rElec}
 36112 | Desolati | Identified the amulet of Dishonour {RegenMP rPois Int+3}
 36138 | Desolati | Got the Grimoire of Incinerated Turbulence
 36139 | Desolati | Identified the +8 dire flail of Pyorauck {drain, *Corrode
                  | rElec Str+3 Dex+3}
 36145 | Desolati | Identified the ring "Xoraha Fecin" {^Contam rElec rPois
                  | Dex+6}
 36212 | Desolati | Identified the +3 glaive of Gahoum {elec, Int+4 Dex+2}
 36214 | Desolati | Identified the +1 leather armour of Parts Unknown {Regen+
                  | Int+4}
 36670 | Elf:1    | Found Xiddedd's Armour Shoppe.
 36949 | Elf:1    | Got Sif Muna's Precepts of Helpful Conjuration
 37535 | Elf:2    | Found a runed translucent gate.
 37535 | Elf:2    | Found a runed translucent gate.
 37535 | Elf:2    | Found a runed translucent gate.
 37662 | Elf:2    | Found Raler's Magic Scroll Emporium.
 37675 | Elf:2    | Bought a scroll of butterflies for 64 gold pieces
 37675 | Elf:2    | Bought a scroll of butterflies for 64 gold pieces
 37742 | Elf:2    | Found Qeseqy's General Store.
 37748 | Elf:2    | Reached skill level 10 in Dodging
 37766 | Elf:2    | Found Laruokk's Jewellery Boutique.
 37794 | Elf:2    | Found Ullon's Book Shop.
 38047 | Elf:3    | Entered Level 3 of the Elven Halls
 38164 | Elf:3    | Noticed Bai Suzhen
 38180 | Elf:3    | Killed Bai Suzhen
 38181 | Elf:3    | Reached XP level 25. HP: 184/192 MP: 30/33
 38231 | Elf:3    | Reached skill level 10 in Shapeshifting
 38280 | Elf:3    | Identified the +8 glaive of the Shining Light {heavy, rC+
                  | Str+2 Dex-5 SInv}
 38280 | Elf:3    | Identified the +2 leather armour "Ybbuff" {rN+ Dex+3}
 38810 | Elf:3    | Identified the staff "Berhudgho" {rCorr Str+2 Earth}
 38835 | Elf:3    | Identified the storm talisman of Cuczob {rN+ Str+3}
 38938 | Elf:2    | Bought the ring "Ruutin" {rC++ AC+4 Str+2 Int-4 Stlth+} for
                  | 768 gold pieces
 39058 | Vaults:1 | Entered Level 1 of the Vaults
 39202 | Vaults:1 | Found a flickering gateway to a bazaar.
 39208 | Bazaar   | Entered a bazaar
 39208 | Bazaar   | Found Buokak's Antique Weapon Shop.
 39243 | Bazaar   | Found Acrizet's Distillery.
 39263 | Bazaar   | Found Hogedorph's Antique Armour Shop.
 39291 | Bazaar   | Bought a potion of might for 28 gold pieces
 39291 | Bazaar   | Bought a potion of resistance for 70 gold pieces
 39291 | Bazaar   | Bought a potion of might for 28 gold pieces
 39291 | Bazaar   | Bought a potion of curing for 21 gold pieces
 39291 | Bazaar   | Bought a potion of curing for 21 gold pieces
 39291 | Bazaar   | Bought a potion of curing for 21 gold pieces
 39291 | Bazaar   | Bought a potion of curing for 21 gold pieces
 39807 | Vaults:3 | Found a staircase to the Crypt.
 39810 | Crypt:1  | Entered Level 1 of the Crypt
 40269 | Crypt:3  | Entered Level 3 of the Crypt
 40269 | Crypt:3  | Found a staircase to the Tomb.
 40375 | Crypt:3  | Reached XP level 26. HP: 173/197 MP: 33/33
 40395 | Crypt:3  | HP: 8/184 [mummy priest/divine providence (8)]
 40584 | Crypt:3  | Found an ancient bone altar of Kikubaaqudgha.
 40696 | Crypt:3  | Found a basalt altar of Yredelemnul.
 40710 | Crypt:3  | Got an ivory gem with 981 turns to spare
 40763 | Crypt:3  | Found the +8 Vampire's Tooth {megavamp}
 40768 | Crypt:3  | Identified the +5 short sword "Beast's Undoing" {drain,
                  | Str+3}
 40977 | Crypt:3  | Noticed Zenata
 40993 | Crypt:3  | Your ally bound Enchantress spriggan died
 41025 | Crypt:3  | Killed Zenata
 41025 | Crypt:3  | Bound Zenata
 41673 | Crypt:2  | Found a transporter.
 41722 | Crypt:2  | Found a transporter.
 41862 | Crypt:2  | Identified the +4 ring mail of Jupiq {rF+ Int+3 Dex-4}
 42422 | Crypt:2  | Noticed an ancient lich
 42437 | Crypt:2  | Killed an ancient lich
 42573 | Crypt:2  | Noticed an ancient lich
 42596 | Crypt:2  | Killed an ancient lich
 42657 | Crypt:2  | Identified the ring of Law {rC++ Int+6}
 42670 | Crypt:2  | Identified the ring of Traps {rPois rN++ Will+}
 42676 | Crypt:2  | Identified the +9 glaive "Puckamp" {flame, rN+ Int+6 Dex+4}
 42689 | Crypt:2  | Identified the staff of Radicalism {rPois Dex+4 Stlth+
                  | Alchemy}
 43236 | Crypt:1  | Reached XP level 27. HP: 209/209 MP: 33/33
 43240 | Crypt:1  | Reached skill level 15 in Shapeshifting
 43740 | Vaults:3 | Identified the +2 long sword "Lituir" {vamp, rElec}
 43922 | Vaults:3 | Found a transporter.
 43926 | Vaults:3 | Found a transporter.
 43939 | Vaults:3 | Your ally Zenata died
 43969 | Vaults:3 | Identified the amulet "Ryopneon" {Spirit rC+ Str+2}
 44643 | Vaults:4 | Identified the +2 leather armour of Pueppej {Int+4}
 44815 | Vaults:4 | Found Zecoth's Jewellery Emporium.
 44819 | Vaults:4 | Bought a talisman of death for 1520 gold pieces
 45292 | Vaults:5 | Entered Level 5 of the Vaults
 45384 | Vaults:5 | Noticed a dread lich
 45386 | Vaults:5 | Noticed an ancient lich
 45406 | Vaults:5 | Noticed an ancient lich
 45411 | Vaults:5 | Killed an ancient lich
 45421 | Vaults:5 | Killed a dread lich
 45435 | Vaults:5 | Killed an ancient lich
 45667 | Vaults:5 | Identified the +1 helmet of the Crypt {MP+9}
 45710 | Vaults:5 | Identified the +3 spear "Ucsopna" {freeze, rC++ Stlth-}
 45828 | Vaults:5 | Noticed a dread lich
 45836 | Vaults:5 | Killed a dread lich
 45956 | Vaults:5 | Got a shining gem with 807 turns to spare
 45958 | Vaults:5 | Got a silver rune of Zot
 46034 | Vaults:5 | Got the Compendium of Viperous Incineration
 46051 | Vaults:5 | Identified the +2 robe of Dech {*Corrode Dex+5 Slay-5}
 46156 | Vaults:5 | Got Sif Muna's Advanced Guide to the Hidden Rites
 46176 | Vaults:5 | Identified the +8 ring mail "Difuwnio" {Dex+3}
 46225 | Vaults:5 | Identified the staff "Kanlos" {rF+ rN+ Necro}
 49250 | Vaults:1 | Lost mutation: You are frail. (-10% HP) [potion of
                  | mutation]
 49250 | Vaults:1 | Gained mutation: Your magical capacity is low. (-10% MP)
                  | [potion of mutation]
 49428 | Hell     | Entered the Vestibule of Hell
 49428 | Hell     | Noticed Geryon
 49454 | Hell     | Killed Geryon
 49454 | Hell     | Bound Geryon
 49512 | Hell     | Found a gateway to the freezing wastes of Cocytus.
 49579 | Hell     | Found a gateway to the Iron City of Dis.
 49599 | Dis:1    | Entered Level 1 of the Iron City of Dis
 50860 | Dis:7    | Entered Level 7 of the Iron City of Dis
 50902 | Dis:7    | Reached skill level 15 in Invocations
 50938 | Dis:7    | Reached skill level 15 in Dodging
 51034 | Dis:7    | Reached skill level 1 in Throwing
 51453 | Dis:7    | Found the ring of the Tortoise {AC+8}
 51458 | Dis:7    | Reached skill level 5 in Throwing
 51483 | Dis:7    | Identified the +3 quarterstaff "Eremamnymp" {pain, rCorr}
 51546 | Dis:7    | Your ally Geryon died
 51881 | Dis:7    | Identified the +10 morningstar "Grom" {freeze, rC+ rN+
                  | Dex-4}
 52093 | Dis:7    | Noticed Dispater
 52121 | Dis:7    | Killed Dispater
 52121 | Dis:7    | Bound Dispater
 52180 | Dis:7    | Got an iron rune of Zot
 52423 | Hell     | Found a gateway to the ashen valley of Gehenna.
 52432 | Geh:1    | Entered Level 1 of Gehenna
 53069 | Geh:4    | Noticed a dread lich
 53077 | Geh:4    | Killed a dread lich
 53149 | Geh:5    | Reached skill level 10 in Throwing
 53160 | Geh:5    | Noticed a dread lich
 53162 | Geh:5    | Noticed an ancient lich
 53173 | Geh:5    | Killed a dread lich
 53174 | Geh:5    | Killed an ancient lich
 53178 | Geh:5    | Noticed a dread lich
 53178 | Geh:5    | Noticed an ancient lich
 53178 | Geh:5    | Noticed an ancient lich
 53185 | Geh:5    | Killed an ancient lich
 53197 | Geh:5    | Killed an ancient lich
 53198 | Geh:5    | Noticed a dread lich
 53198 | Geh:5    | Noticed a dread lich
 53201 | Geh:5    | Killed a dread lich
 53221 | Geh:5    | Killed a dread lich
 53227 | Geh:5    | Killed a dread lich
 53353 | Geh:7    | Entered Level 7 of Gehenna
 53381 | Geh:7    | Noticed a dread lich
 53392 | Geh:7    | Killed a dread lich
 53664 | Geh:7    | Identified the +6 lajatang of Falosko {freeze, rElec rC+
                  | Str+3 Int+2}
 53702 | Geh:7    | Noticed the Serpent of Hell
 53719 | Geh:7    | Killed the Serpent of Hell
 53979 | Geh:7    | Identified the ring of the Unicorn {rF+ rN+ rCorr SInv}
 54022 | Geh:7    | Found the +13 sceptre of Asmodeus
 54022 | Geh:7    | Noticed Asmodeus
 54045 | Geh:7    | Killed Asmodeus
 54194 | Geh:7    | Got an obsidian rune of Zot
 54226 | Geh:7    | Found the +7 Spriggan's Knife {stab, EV+4 Stlth+}
 54363 | Hell     | Found a gateway to the decaying netherworld of Tartarus.
 54388 | Tar:1    | Entered Level 1 of Tartarus
 54397 | Tar:1    | Noticed a dread lich
 54408 | Tar:1    | Killed a dread lich
 54895 | Tar:2    | Noticed an ancient lich
 54897 | Tar:2    | Killed an ancient lich
 54976 | Tar:3    | Noticed an ancient lich
 54985 | Tar:3    | Killed an ancient lich
 55018 | Tar:3    | Reached skill level 15 in Throwing
 55029 | Tar:3    | Found a corrupted altar of Lugonu.
 55333 | Tar:7    | Entered Level 7 of Tartarus
 55847 | Tar:7    | Noticed Ereshkigal
 55878 | Tar:7    | Killed Ereshkigal
 55916 | Tar:7    | Got a bone rune of Zot
 56467 | Tar:7    | Identified the ring of Twilight {^Drain Fly rPois rC+
                  | Will+}
 56473 | Tar:7    | Identified the ring of Ysesoiroeb {AC+4 Str+4 Dex+4}
 56478 | Tar:7    | Identified the +0 cloak of the Sailor {rF+ Str-4 Dex+4}
 56656 | Tar:7    | Identified the granite talisman of Levity {rCorr Str+3
                  | Int-4}
 56673 | Tar:7    | Identified the +0 orcbow of Extremism {speed, Will+ Stlth+}
 56723 | Tar:7    | Identified the +5 sling of Broken Luck {drain, ^Drain Fly
                  | rElec SInv}
 56726 | Tar:7    | Identified the +6 plate armour "Zeseur" {+Blink rN+}
 56877 | Coc:1    | Entered Level 1 of Cocytus
 56958 | Coc:2    | Noticed a juggernaut
 56958 | Coc:2    | Noticed a juggernaut
 56959 | Coc:2    | Noticed a juggernaut
 56962 | Coc:2    | Killed a juggernaut
 56966 | Coc:2    | Killed a juggernaut
 56967 | Coc:2    | Killed a juggernaut
 56970 | Coc:2    | Noticed a juggernaut
 56971 | Coc:2    | Noticed a juggernaut
 56976 | Coc:2    | Killed a juggernaut
 56978 | Coc:2    | Killed a juggernaut
 56980 | Coc:2    | Noticed a juggernaut
 56983 | Coc:2    | Noticed a juggernaut
 56987 | Coc:2    | Killed a juggernaut
 56991 | Coc:2    | Noticed a juggernaut
 56992 | Coc:2    | Killed a juggernaut
 56994 | Coc:2    | Noticed a juggernaut
 56997 | Coc:2    | Killed a juggernaut
 56997 | Coc:2    | Noticed a juggernaut
 57001 | Coc:2    | Noticed a juggernaut
 57002 | Coc:2    | Killed a juggernaut
 57003 | Coc:2    | Killed a juggernaut
 57008 | Coc:2    | Killed a juggernaut
 57015 | Coc:2    | Noticed a juggernaut
 57022 | Coc:2    | Killed a juggernaut
 57026 | Coc:2    | Noticed a juggernaut
 57032 | Coc:2    | Killed a juggernaut
 57033 | Coc:2    | Reached skill level 16 in Invocations
 57685 | Coc:6    | Noticed a shard shrike
 57685 | Coc:6    | Noticed a shard shrike
 57685 | Coc:6    | Noticed a shard shrike
 57685 | Coc:6    | Noticed a shard shrike
 57688 | Coc:7    | Entered Level 7 of Cocytus
 57729 | Coc:7    | Reached skill level 17 in Invocations
 57842 | Coc:7    | Noticed a shard shrike
 57843 | Coc:7    | Noticed a shard shrike
 57843 | Coc:7    | Noticed a shard shrike
 57845 | Coc:7    | Noticed a shard shrike
 57852 | Coc:7    | Noticed a shard shrike
 57857 | Coc:7    | Killed a shard shrike
 57859 | Coc:7    | Killed a shard shrike
 57860 | Coc:7    | Killed a shard shrike
 57863 | Coc:7    | Killed a shard shrike
 57863 | Coc:7    | Killed a shard shrike
 58119 | Coc:7    | Reached skill level 18 in Invocations
 58408 | Coc:7    | Identified the +4 plate armour of Jubag {Will+ Dex+4}
 58558 | Coc:7    | Noticed Antaeus
 58576 | Coc:7    | Killed Antaeus
 58600 | Coc:7    | Got an icy rune of Zot
 58848 | Pan      | Entered Pandemonium
 59026 | Pan      | Found a white marble altar of Elyvilon.
 59067 | Pan      | Identified the +1 tower shield of Miracles {rPois}
 59270 | Pan      | Reached skill level 19 in Invocations
 59747 | Pan      | Reached skill level 20 in Invocations
 59776 | Pan      | Found a glowing silver altar of Zin.
 60088 | Pan      | Noticed a seraph
 60103 | Pan      | Killed a seraph
 60104 | Pan      | Found a glowing golden altar of the Shining One.
 60131 | Pan      | Identified the +0 quarterstaff of Lusting Anguish {freeze,
                  | rElec Will+}
 60134 | Pan      | Identified the +5 dagger of Harmony {elec, rElec rC- MP+9
                  | SInv}
 60137 | Pan      | Identified the staff of the Undead {Fly rElec rF+ Str-4
                  | Fire}
 60139 | Pan      | Got a demonic rune of Zot
 60378 | Pan      | Reached skill level 21 in Invocations
 60865 | Pan      | Noticed Xuatrui the pandemonium lord
 60875 | Pan      | Killed Xuatrui the pandemonium lord
 60888 | Pan      | Noticed Ignacio
 60895 | Pan      | Killed Ignacio
 60949 | Pan      | Identified the ring "Guuxt" {rF+ rCorr Str+6 Dex-2}
 60978 | Pan      | Your ally Ignacio died
 60979 | Pan      | Noticed Culiguw the pandemonium lord
 60988 | Pan      | Killed Culiguw the pandemonium lord
 60989 | Pan      | Reached skill level 22 in Invocations
 61128 | Pan      | Noticed Folonith the pandemonium lord
 61141 | Pan      | Killed Folonith the pandemonium lord
 61169 | Pan      | Entered the realm of Lom Lobon.
 61297 | Pan      | Noticed Lom Lobon
 61331 | Pan      | Killed Lom Lobon
 61332 | Pan      | Reached skill level 23 in Invocations
 61667 | Pan      | Got a magical rune of Zot
 61922 | Pan      | Entered the realm of Cerebov.
 62182 | Pan      | Identified the +1 longbow "Arcanum" {antimagic, Int-3
                  | Dex+5}
 62258 | Pan      | Found the +6 sword of Cerebov {flame}
 62258 | Pan      | Noticed Cerebov
 62281 | Pan      | Killed Cerebov
 62281 | Pan      | Bound Cerebov
 62379 | Pan      | Got a fiery rune of Zot
 62576 | Pan      | Found an exit through the horrors of the Abyss.
 62611 | Pan      | Reached skill level 24 in Invocations
 62796 | Pan      | Found a transporter.
 62807 | Pan      | Noticed Mennas
 62815 | Pan      | Killed Mennas
 62858 | Pan      | Acquired 484 gold pieces
 62868 | Pan      | Found a transporter.
 62899 | Pan      | Identified the amulet "Vidalatu" {Reflect Dex+4 SH+5}
 62978 | Pan      | Identified the ring of Melee {Wiz rC+++ rCorr Str-3 Dex-3}
 63155 | Pan      | Noticed Mecrawe the pandemonium lord
 63187 | Pan      | Killed Mecrawe the pandemonium lord
 63193 | Pan      | Reached skill level 25 in Invocations
 63456 | Pan      | Entered the realm of Gloorx Vloq.
 63585 | Pan      | Noticed Gloorx Vloq
 63602 | Pan      | Reached skill level 26 in Invocations
 63628 | Pan      | HP: 12/245 [Gloorx Vloq/dispel undead (45)]
 63636 | Pan      | Killed Gloorx Vloq
 64038 | Pan      | Got a dark rune of Zot
 64109 | Pan      | Found an exit through the horrors of the Abyss.
 64200 | Pan      | Identified the +0 helmet "Gibb" {Regen+ Int+4}
 64256 | Pan      | Found an exit through the horrors of the Abyss.
 64296 | Pan      | Entered the realm of Mnoleg.
 64332 | Pan      | Noticed Mnoleg
 64372 | Pan      | Reached skill level 27 in Invocations
 64372 | Pan      | HP: 2/245 [neqoxec/psychic fangs[a shadow demon] (12)]
 64374 | Pan      | Killed from afar by a glowing orange brain

Illustrated notes

Levels and vault maps discovered:
D:1:      nicolae_arrival_memento_mori, layout_loops_cross,
          hellmonk_ecumenical_altar_watching_god, serial_shops,
          nicolae_square_shop
D:2:      layout_basic, grunt_decor_clamped
D:3:      layout_basic, minitemple, serial_glass, glass_columns_a,
          glass_columns_a, glass_columns_c, glass_columns_a, glass_columns_c,
          patterned_corridor, uniq_natasha
D:4:      layout_loops_ring, uniq_grinder
D:5:      layout_loops_ring, jmf_multi_god_temple,
          minmay_temple_entry_purple_smoke, minivault_5, nicolae_elemental_shop
D:6:      layout_gridville, kennysheep_ying_yang, slow_altar_2,
          ebering_ghost_gozag, serial_shops, nicolae_shop_window_shopping
D:7:      layout_cave_pods, zin_treasury, enter_bailey_2,
          mrwooster_statue_mirror, minmay_quadrilaterals, uniq_menkaure
D:8:      layout_loops_corners, fedhas_altar_decomposition, david_lair_generic,
          uniq_maurice
D:9:      cheibrodos_two_vegetables, layout_cave_pools, minivault_20
D:10:     layout_loops_ring, mainiacjoe_overflow_alcove_2, serial_shops,
          nicolae_shop_hallway_plus, serial_bayou_pond_c
D:11:     layout_big_octagon
D:12:     layout_roguey, orc_david_3, serial_ice, serial_ice_c, serial_ice_g,
          serial_ice_o, serial_ice_i, serial_ice_f, serial_ice_d, serial_ice_b,
          serial_ice_e, serial_ice_a, serial_ice_n, portal_ice_cave_entry_imps,
          eat_drink_and_be_merry_uskayaw
D:13:     layout_loops_cross, david_vaults_2
D:14:     layout_irregular_city, minmay_misc_feat_chi, skrybe_limestone_x
D:15:     grunt_enter_depths_giant_problem, layout_rooms,
          minmay_misc_feat_hallway, uniq_jorgrun
Temple:   chequers_temple_sunken
Lair:1:   layout_misc_corridors, beast_lair_carwin_7
Lair:2:   layout_loops_ring, minmay_swamp_entry_worms, grunt_megastairs_4
Lair:3:   layout_regular_city, spider_nest_entry_a, serial_forest,
          infiniplex_forest_corner_1, infiniplex_forest_clump_small,
          infiniplex_forest_pool, infiniplex_forest_straight_3,
          infiniplex_forest_end_2, infiniplex_forest_lined_3, lemuel_fruit_tree
Lair:4:   layout_regular_city, slime_entry_1, gauntlet_entry_generic,
          lemuel_old_faithful, infiniplex_staircase_pool, uniq_nessos
Lair:5:   minmay_lair_end_frog_pond, layout_gridlike, uniq_rupert
Swamp:1:  layout_basic_swamp, nicolae_swamp_oxbows, swamp_pool_1_2,
          hangedman_swamp_wriggling, uniq_kirke
Swamp:2:  layout_basic_swamp, evilmike_swamp_ruin_rubble_2,
          infiniplex_staircase_pool_2
Swamp:3:  layout_basic_swamp, nicolae_swamp_very_dense_foliage, swamp_pool_4
Swamp:4:  swamp_icy, layout_basic_swamp, nicolae_swamp_orc_logging_accident
Spider:1: layout_spider_delve
Spider:2: cheibrodos_spider_silkery
Spider:3: layout_chambers
Spider:4: floodkiller_spider_rune_tomb, guppyfry_spider_mini_2, uniq_arachne
Slime:1:  cheibrodos_slime_lost_civilization_2, layout_caves
Slime:2:  layout_caves, cheibrodos_slime_lost_civilization_4
Slime:3:  layout_caves
Slime:4:  layout_caves
Slime:5:  slime_pit_nicolae_trefoil
Orc:1:    layout_caves, serial_shops, nicolae_shop_bloodbath_and_beyond
Orc:2:    grunt_orc_tribal_feast, layout_caves, nicolae_orc_damp_corner,
          okawaru_metal_pillars_1_2
Elf:1:    elf_arrival_001, layout_onion_city,
          portal_desolation_entry_twin_temple, serial_shops, shop,
          minmay_elf_sorcery
Elf:2:    nicolae_elf_blades_splatter_lattice [nicolae_blade_tridents],
          layout_geoelf_octagon, serial_shops, nicolae_shop_tiny_statue_garden,
          minmay_shop_star
Elf:3:    minmay_elf_hall_curves, layout_rooms, uniq_bai_suzhen
Vaults:1: vaults_room_corners, nicolae_vaults_back_hallway,
          nicolae_vaults_diamond_1, hangedman_vaults_restitches, v_pattern_1,
          ontoclasm_vaults_chip, v_misc_23, nicolae_vaults_trapezoid_lopsided_3,
          ontoclasm_vaults_eye, nicolae_vaults_trapezoid_lopsided_2,
          nicolae_vaults_specimen_jars, vaults_mumra_lcd,
          nicolae_vaults_wrenched, nicolae_vaults_trapezoid_layered,
          nicolae_vaults_double_plus_2, layout_vaults_ring, serial_shops,
          statue_bzr
Vaults:2: nicolae_vaults_doubleplus_tesselated, ontoclasm_vaults_pinch,
          nicolae_vaults_asterisk, nicolae_vaults_double_plus_1, v_misc_30,
          nicolae_vaults_gold_heap, hangedman_vaults_corner,
          ontoclasm_vaults_gateway, nicolae_vaults_ellipses_ellipsis,
          nicolae_vaults_windows_and_doors_thing,
          ontoclasm_vaults_decontamination, nicolae_vaults_trapezoid_2,
          nicolae_vaults_variable_pillar_hall, v_misc_25, layout_vaults_omnibox
Vaults:3: nicolae_vaults_surprise_closet, hangedman_vaults_unwind,
          minmay_crypt_entry_simple_box, gammafunk_sealed_arena,
          nicolae_vaults_storage_closets_3, nicolae_vaults_big_ls,
          vaults_room_stairs_pillars, v_misc_9, v_misc_30,
          vaults_room_semicircle, vaults_dpeg_ring, layout_vaults_chaotic_city
Vaults:4: v_pattern_2, nicolae_vaults_prndl,
          nicolae_vaults_variable_pillar_hall, layout_vaults_omnigrid,
          serial_shops, nicolae_shop_back_alley_shop
Vaults:5
Crypt:1:  layout_basic, serial_co_window_serial, co_window_of_opportunity_a,
          co_window_paths_a, co_window_paths_b, co_window_paths_a,
          co_window_corner_a, co_window_broadway_c, co_window_broadway_c,
          co_window_unsneaky_path_c, co_window_2corner, co_window_broadway_c,
          co_window_corner_ca, co_window_corner_b, co_window_paths_e,
          glass_columns_b, glass_columns_c, glass_columns_b, glass_columns_a,
          glass_columns_a
Crypt:2:  gammafunk_dig_for_victory, layout_regular_city,
          nicolae_crypt_lurching_hallway, grunt_megastairs_3
Crypt:3:  lightli_unholy_cathedral, layout_chaotic_city, uniq_zenata
Depths:1: layout_cave_pools, hell_entry, minmay_acid_items, minmay_shop_grove
Depths:2: hangedman_spin_cycle, hell_entry, pan_entry, abyss_entry,
          uniq_enchantress
Depths:3: minmay_the_grid_plus_closed [minmay_the_grid_outer_circle,
          minmay_the_grid_outer_diamond, minmay_the_grid_gridbox,
          minmay_the_grid_odd_star, minmay_the_grid_prize_big_room],
          layout_basic, pf_hell_entry_tar_spiral, abyss_entry,
          chequers_serial_rivers_micro_c, chequers_big_river, uniq_mara
Depths:4: evilmike_zot_entry_basic, layout_cave_shapes, enter_ziggurat_e,
          hangedman_decor_lopped, hell_entry, mu_enter_wizlab_4,
          nicolae_elyvilon_peaceful_grove
Hell
Dis:1:    layout_overlapping_boxes, nicolae_dis_emergency_hatch
Dis:2:    layout_regular_city, nicolae_hells_seeping_fissure
Dis:3:    hangedman_dis_decor_blocks_talon, layout_subdivisions
Dis:4:    layout_jigsaw
Dis:5:    layout_subdivisions
Dis:6:    layout_overlapping_boxes
Dis:7:    iron_city_of_dis [dis_grunt, dis_wall_2], layout_gridville
Geh:1:    layout_gehenna_pools_triple
Geh:2:    layout_gehenna_lava_caves
Geh:3:    layout_gehenna_lava_caves
Geh:4:    layout_gehenna_pools_triple
Geh:5:    layout_gehenna_pools_box, nicolae_hells_leichenhalle
Geh:6:    layout_gehenna_pools_triple, lemuel_hellish_altar
Geh:7:    geh_grunt
Coc:1:    layout_ice_bergs
Coc:2:    nicolae_hells_titanomachy
Coc:3:    layout_cocytus_water_paths
Coc:4:    nicolae_coc_cocytus_crossing, layout_ice_bergs
Coc:5:    layout_ice_bergs
Coc:6:    layout_cocytus_water_paths
Coc:7:    coc_hangedman
Tar:1:    layout_honeycomb, evilmike_ambush [evilmike_ambush_outer_doors,
          evilmike_ambush_inner_pond]
Tar:2:    layout_cathedral_of_symmetry
Tar:3:    layout_grid_maze, amcnicky_altar_lugonu_corruption
Tar:4:    layout_grid_maze
Tar:5:    layout_cathedral_of_symmetry
Tar:6:    layout_grid_maze
Tar:7:    tar_mu [tar_mu_maze]
Pan:      evilmike_holy_pan, rand_demon_6, layout_chambers,
          nicolae_pan_gloorx_vloqian_3, nicolae_pan_double_arrow, layout_basic,
          uniq_ignacio, evilmike_mini_pan_T, layout_grid_shapes,
          pan_blood_fountain_1, rand_demon_3, layout_cellular_growth,
          nicolae_pan_sigil_uleosi, nicolae_pan_cerebovesque_4, lom_lobon,
          layout_pan_divisions_b [pan_division_quadrant_b6,
          pan_division_quadrant_b6, pan_division_quadrant_b3,
          pan_division_quadrant_b6], pan_blood_fountain_1, cerebov,
          layout_onion_city, nicolae_pan_cerebovesque_2, nicolae_pan_glass_arcs,
          layout_gridville, nicolae_pan_gloorx_vloqian_4, gammafunk_its_a_trap,
          layout_gridlike, uniq_mennas_pan, pan_blood_fountain_1,
          pan_disco_hall, layout_irregular_city, gloorx_vloq_grunt,
          layout_irregular_city, nicolae_pan_gloorx_vloqian_4,
          pan_blood_fountain_small, nicolae_the_louvre, grunt_pan_zigzag,
          layout_gridville, mnoleg_grunt_wretched_star, layout_pan_divisions_a
          [pan_division_quadrant_a1, pan_division_quadrant_a2,
          pan_division_quadrant_a5, pan_division_quadrant_a2,
          pan_division_octagon_box], pan_blood_fountain_small

Skill      XL: |  1  2  3  4  5  6  7  8  9 10 11 12 13 14 15 16 17 18 19 20 21 22 23 24 25 26 27 |
---------------+----------------------------------------------------------------------------------+-----
Polearms       | 3 4 6 7 8 10 12 14 15 17 18 19 20 21 22 23 24 | 24.0
Fighting       | 4 5 6 7 9 10 11 12 13 14 15 16 17 18 19 20 21 22 26 | 26.0
Invocations    | 2 6 8 10 11 12 13 14 27 | 27.0
Shields        | 5 8 10 13 15 17 18 20 21 23 26 | 26.0
Armour         | 4 6 8 9 10 11 13 16 18 19 20 26 | 26.0
Dodging        | 1 6 8 10 11 12 22 | 22.6
Shapeshifting  | 5 9 12 14 23 | 23.0
Throwing       | 20 | 20.0

Action                     |  1- 3 |  4- 6 |  7- 9 | 10-12 | 13-15 | 16-18 | 19-21 | 22-24 | 25-27 || total
---------------------------+-------+-------+-------+-------+-------+-------+-------+-------+-------++-------
  Melee: Trident           |    53 |     3 |   230 |   753 |   411 |       |       |       |       ||  1450
         Hand axe          |       |    67 |    37 |       |       |       |       |       |       ||   104
         Bardiche          |       |       |       |       |   236 |   718 |   791 |  1023 |  4230 ||  6998
  Throw: Dart              |       |       |     1 |     1 |     7 |     3 |     5 |     3 |     2 ||    22
         Throwing net      |       |       |       |       |     5 |     1 |     1 |       |     1 ||     8
         Boomerang         |       |       |       |       |       |     1 |       |     1 |    18 ||    20
         Javelin           |       |       |       |       |       |       |       |       |     5 ||     5
 Invoke: Light the Black T |       |       |     2 |     7 |     8 |     8 |     8 |     7 |    47 ||    87
         Hurl Torchlight   |       |       |       |     2 |     2 |     1 |     4 |     3 |     6 ||    18
         Recall Undead Har |       |       |       |     1 |     3 |     5 |     4 |     5 |    37 ||    55
         Bind Soul         |       |       |       |       |     2 |     5 |     5 |     2 |     9 ||    23
         Fathomless Shackl |       |       |       |       |       |     2 |     2 |       |    11 ||    15
Ability: Dig               |       |       |     1 |     2 |     1 |     3 |     1 |     2 |     7 ||    17
         Siphon Essence    |       |       |       |       |       |       |       |       |     3 ||     3
  Evoke: Wand              |       |       |       |     8 |     1 |     1 |       |     2 |    17 ||    29
         Lightning rod     |       |       |       |       |     3 |       |       |     4 |       ||     7
         Phial of floods   |       |       |       |       |       |     1 |     1 |       |     1 ||     3
         Phantom mirror    |       |       |       |       |       |       |       |       |     1 ||     1
    Use: Scroll            |       |       |     8 |     7 |    17 |     7 |     9 |     4 |    28 ||    80
         Potion            |       |       |     2 |     1 |     5 |     2 |     9 |     4 |     7 ||    30
   Stab: Distracted        |       |       |     1 |     5 |    12 |    20 |    25 |    21 |   191 ||   275
         Held in net/web   |       |       |       |       |     2 |     3 |     7 |       |     2 ||    14
         Petrified         |       |       |       |       |       |     6 |       |       |       ||     6
         Petrifying        |       |       |       |       |       |     6 |       |       |       ||     6
         Paralysed         |       |       |       |       |       |       |     2 |       |     1 ||     3
         Confused          |       |       |       |       |       |       |       |    15 |    13 ||    28
         Invisible         |       |       |       |       |       |       |       |       |    10 ||    10
         Fleeing           |       |       |       |       |       |       |       |       |     2 ||     2
 Armour: Scale mail        |    17 |    34 |   204 |     4 |       |       |       |       |       ||   259
         Plate armour      |       |       |       |   335 |   218 |   275 |   404 |   232 |  1223 ||  2687
  Dodge: Dodged            |    14 |    28 |   126 |   261 |   146 |   166 |   130 |   196 |  1749 ||  2816
         Repelled          |       |       |       |       |       |       |     3 |    15 |    82 ||   100
  Block: Buckler           |     8 |    12 |    68 |   236 |   129 |       |       |       |       ||   453
         Reflection        |       |       |       |    19 |    13 |       |       |       |    79 ||   111
         Tower shield      |       |       |       |       |   193 |   684 |   496 |   594 |  4038 ||  6005
   Form: Death             |       |       |       |       |       |       |       |       |     2 ||     2
                           |       |       |       |       |       |       |       |       |     1 ||     1

Table legend: (Time is in decaauts)
 A = Elapsed time spent in this place.
 B = Non-inter-level travel time spent in this place.
 C = Inter-level travel time spent in this place.
 D = Time resting spent in this place.
 E = Time spent auto-exploring this place.
 F = Levels seen in this place.
 G = Mean time per level.
                   A        B        C        D        E       F      G
               +--------+--------+--------+--------+--------+-----+--------+
         Total |  63136 |  58013 |   5123 |   7288 |  25544 | 102 |  619.0 |
       Dungeon |  14882 |  13148 |   1734 |   1299 |   9162 |  15 |  992.1 |
        Temple |      1 |      1 |      0 |      0 |      0 |   1 |    1.0 |
          Lair |   4900 |   4232 |    668 |    228 |   3153 |   5 |  980.0 |
         Swamp |   3123 |   2894 |    229 |    111 |   1968 |   4 |  780.8 |
   Spider Nest |   3183 |   2885 |    298 |     14 |    707 |   4 |  795.8 |
    Slime Pits |    761 |    692 |     69 |      6 |    356 |   5 |  152.2 |
  Orcish Mines |   1070 |    991 |     79 |      9 |    648 |   2 |  535.0 |
   Elven Halls |   2550 |   2370 |    180 |     94 |   1577 |   3 |  850.0 |
        Vaults |   6283 |   5769 |    514 |    100 |   3098 |   5 | 1256.6 |
         Crypt |   3491 |   3307 |    184 |    312 |   1784 |   3 | 1163.7 |
        Depths |   4396 |   3988 |    408 |    672 |   1505 |   4 | 1099.0 |
          Hell |    371 |    347 |     24 |      0 |      9 |   1 |  371.0 |
           Dis |   2807 |   2610 |    197 |    802 |    126 |   7 |  401.0 |
       Gehenna |   1768 |   1679 |     89 |    462 |      0 |   7 |  252.6 |
       Cocytus |   1914 |   1867 |     47 |    778 |      0 |   7 |  273.4 |
      Tartarus |   2469 |   2070 |    399 |    488 |    189 |   7 |  352.7 |
         Abyss |   1053 |   1053 |      0 |     21 |      0 |   3 |  351.0 |
   Pandemonium |   5188 |   5188 |      0 |   1024 |    642 |  13 |  399.1 |
        Bazaar |     98 |     98 |      0 |      0 |     59 |   1 |   98.0 |
        Bailey |    293 |    293 |      0 |      0 |    125 |   1 |  293.0 |
      Ice Cave |    633 |    633 |      0 |    441 |     20 |   1 |  633.0 |
        Wizlab |    550 |    550 |      0 |     81 |     51 |   1 |  550.0 |
    Desolation |    618 |    618 |      0 |     17 |    198 |   1 |  618.0 |
      Gauntlet |    723 |    723 |      0 |    327 |    165 |   1 |  723.0 |
               +--------+--------+--------+--------+--------+-----+--------+

Top non-repeatable levels by time:
   Dis:7: 1528 daAuts
   Tar:7: 1513 daAuts
     D:9: 1497 daAuts
Depths:3: 1455 daAuts
     D:8: 1362 daAuts
Vaults:5: 1342 daAuts
Vaults:3: 1329 daAuts
     D:5: 1295 daAuts
Vaults:1: 1286 daAuts
Depths:2: 1264 daAuts
 Crypt:3: 1212 daAuts
    D:10: 1191 daAuts
 Crypt:2: 1182 daAuts
Vaults:4: 1171 daAuts
    D:12: 1169 daAuts
